 Dungeon Crawl Stone Soup version 0.30.0-20-g3615ddf2f0 (webtiles) character file.

Game seed: 7452511126989718947

437579 qw the Slayer (level 24, -1/174 HPs)
             Began as a Gargoyle Fighter on June 1, 2023.
             Was a High Priest of Okawaru.
             Slain by a stone giant (13 damage)
             ... on level 5 of the Vaults.
             The game lasted 00:30:22 (39714 turns).

qw the Slayer (Gargoyle Fighter)                   Turns: 39714, Time: 00:30:23

Health: -1/174     AC: 61    Str: 34    XL:     24   Next: 4%
Magic:  29/30      EV: 10    Int: 12    God:    Okawaru [*****.]
Gold:   3384       SH: 40    Dex:  9    Spells: 23/23 levels left

rFire   . . .        f - +8 war axe (vamp)
rCold   + . .        B - +18 shield of the Gong {Loud rN+ Will+ rCorr EV-5}
rNeg    + + .        O - +2 plate armour of Honesty {rC+}
rPois   inf          b - +2 helmet
rElec   +            p - +4 cloak "Quex" {Str+2 SInv}
rCorr   +            n - +2 pair of gloves
SInv    +            G - +2 pair of boots {Fly}
Will    ++...        y - amulet of faith Stlth
                     v - ring of Ydaurid {rPois Str+3 Slay+4}
HPRegen 0.49/turn    o - +5 ring of evasion
MPRegen 0.22/turn

%: faith
@: about to teleport, heroic, finesse-ful, marked, flying, constricted
A: sickness immunity, AC +18, big wings, negative energy resistance 1,
electricity resistance, torment resistance 1, petrification resistance, large
bone plates 2
}: 2/15 runes: barnacled, gossamer
a: Renounce Religion, Heroism, Finesse, Duel


You were on level 5 of the Vaults.
You worshipped Okawaru.
Okawaru was extremely pleased with you.
You visited 8 branches of the dungeon, and saw 40 of its levels.
You visited the Abyss 1 time.

You collected 4585 gold pieces.
You spent 1201 gold pieces at shops.


Innate Abilities, Weirdness & Mutations

You are immune to sickness and miasma.
Your stone body is resilient. (AC +18)
You are immune to poison.
Your large and strong wings let you fly.
You resist negative energy. (rN+)
You are resistant to electric shocks. (rElec)
You are resistant to unholy torment.
You are immune to petrification.
You are mostly covered in large bone plates. (SH +6)


   Skills:
 + Level 24.5(27) Fighting
 - Level 16.0(21.0) Axes
 - Level 13.0(18.0) Throwing
 - Level 22.0(27) Armour
 - Level 8.0(13.0) Dodging
 - Level 19.1(24.1) Shields
 - Level 10.0 Invocations


You had 23 spell levels left.
You didn't know any spells.
Your spell library was empty.

Inventory:

Hand Weapons
 f - a +8 vampiric war axe (weapon)
 j - a +0 broad axe of holy wrath
Missiles
 q - 31 boomerangs
 J - 7 silver boomerangs (quivered)
Armour
 b - a +2 helmet (worn)
 m - the -1 pair of boots "Cewopliq" {rN+ rCorr}
   (Okawaru gifted it to you on level 14 of the Dungeon)

   rN:        It protects you from negative energy.
   rCorr:     It protects you from acid and corrosion.
 n - a +2 pair of gloves (worn)
 p - the +4 cloak "Quex" (worn) {Str+2 SInv}
   (Okawaru gifted it to you on level 1 of the Vaults)

   Str:       It affects your strength (+2).
   SInv:      It lets you see invisible.
 u - the +0 plate armour of Rationality {Regen+ Stlth+}
   (Okawaru gifted it to you on level 3 of the Vaults)

   Regen:     It increases your rate of health regeneration.
   Stlth:     It makes you more stealthy.
 B - the +18 shield of the Gong (worn) {Loud rN+ Will+ rCorr EV-5}
   (You found it on level 8 of the Dungeon)

   Loud:      It is deafeningly noisy when blocking attacks.
   EV:        It affects your evasion (-5).
   rN:        It protects you from negative energy.
   rCorr:     It protects you from acid and corrosion.
   Will:      It increases your willpower.
 D - +0 acid dragon scales
 G - a +2 pair of boots of flying (worn)
 K - the +0 cloak of the Equator {rPois rN+ rCorr Slay-3}
   (Okawaru gifted it to you on level 4 of the Shoals)

   Slay:      It affects your accuracy & damage with ranged weapons and melee
   (-3).
   rPois:     It protects you from poison.
   rN:        It protects you from negative energy.
   rCorr:     It protects you from acid and corrosion.
 N - +0 fire dragon scales
 O - the +2 plate armour of Honesty (worn) {rC+}
   (Okawaru gifted it to you on level 3 of the Depths)

   rC:        It protects you from cold.
Jewellery
 h - a ring of ice
 i - an amulet of reflection
 o - a +5 ring of evasion (right hand)
 v - the ring of Ydaurid (left hand) {rPois Str+3 Slay+4}
   (You found it on level 1 of the Lair of Beasts)

   [ring of slaying]

   Str:       It affects your strength (+3).
   Slay:      It affects your accuracy & damage with ranged weapons and melee
   (+4).
   rPois:     It protects you from poison.
 y - an amulet of faith (around neck)
 I - a ring of resist corrosion
 P - a ring of protection from fire
Wands
 c - a wand of digging (3)
Scrolls
 a - 30 scrolls of identify
 e - 8 scrolls of brand weapon
 l - 22 scrolls of teleportation
 A - 2 scrolls of enchant armour
Potions
 d - 8 potions of might
 g - 6 potions of cancellation
 k - 5 potions of heal wounds
 r - 5 potions of haste
 s - 8 potions of mutation
 t - 6 potions of attraction
 w - 5 potions of resistance
 z - 16 potions of curing
 E - 4 potions of magic
 H - 2 potions of lignification

Dungeon Overview and Level Annotations

Branches:
Dungeon (15/15)            Temple (1/1) D:4            Lair (5/5) D:10
 Shoals (4/4) Lair:3       Spider (4/4) Lair:3        Slime (0/5) Lair:5
    Orc (2/2) D:11            Elf (0/3) Orc:2        Vaults (5/5) D:13
  Crypt (0/3) Vaults:2     Depths (4/4) D:15            Zot (0/5) Depths:4

Altars:
Ashenzari
Cheibriados
Dithmenos
Elyvilon
Fedhas
Gozag
Hepliaklqana
Kikubaaqudgha
Makhleb
Nemelex Xobeh
Okawaru
Qazlal
Ru
Sif Muna
Trog
Uskayaw
Vehumet
Wu Jian
Xom
Yredelemnul
Zin
The Shining One
Lugonu

Shops:
D:5 *   Orc:1 **   Orc:2 (*!*   Shoals:1 =   Vaults:1 (   Vaults:4 [
Depths:1 :=:

Portals:
Hell: Depths:1 Depths:2 Depths:3 Depths:4
Abyss: Depths:1 Depths:3 Depths:4
Pandemonium: Depths:2 Depths:3
Ziggurat: Depths:2
Trove: D:10 (give 3 potions of resistance)

Annotations:
D:11 1 runed translucent door, Onakli's ghost, journeyman DsFi
D:12 3 runed translucent doors, Uvvog's ghost, journeyman GnNe
Lair:4 3 runed translucent doors, qw's ghost, journeyman GrFi
Lair:5 2 runed translucent doors
Vaults:1 3 runed translucent doors, qw's ghost, adept GrFi
Vaults:4 2 transporters, TPoD's ghost, adept HOMo; Vatovie's ghost, veteran MiFi; qw's ghost, adept GrFi
Depths:1 1 runed translucent door


Message History

The ironbound preserver is healed somewhat.
A deep elf annihilator comes into view. It is wielding a +0 long sword.
The lich touches you but does no damage.
A yaktaur captain comes into view.
It is wielding a +1 long sword of holy wrath.
The tentacled monstrosity tentacle-slaps you but does no damage. x3
The tentacled monstrosity constricts you.
You block the sphinx's attack.
GONNNNG!
You block the sphinx's attack.
BOUMMMMG!
The sphinx hits you but does no damage.
The stone giant hits you but does no damage. x2
The vault guard hits you but does no damage. x2
The tengu reaver hits you but does no damage.
The yaktaur captain closely misses you.
You block the cyan very ugly thing's attack.
GONNNNG!
39714 ||| DRINKING 6 potions of heal wounds.
You feel much better.
The yaktaur captain's soul is no longer bound.
You block the lich's attack.
PTOANNNG!
You block the sphinx's attack.
GONNNNG!
The sphinx barely misses you. The sphinx hits you but does no damage.
The vault guard hits you from afar with a +0 halberd!
The vault guard hits you but does no damage.
You block the vault guard's attack.
BONNNG!
The vault guard hits you but does no damage.
The ironbound preserver casts a spell.
The ironbound preserver is healed somewhat.
The vault guard hits you but does no damage.
The deep elf annihilator casts a spell.
The deep elf annihilator blinks!
The titan waves its arms in wide circles.
The air twists around and strikes you.
The titan waves its arms in wide circles.
The air twists around and strikes you. The stone giant hits you!
You die... #....# #....# # #....# .# # # #....#EE### #e#.#.ZZ.#Zp... #..cCppTepeEZ.. ###QCpcCupE#### ...CppX@CEZ.... ...pCoHcLQE....

....opoecpe....
....OeZcoW.....
###...Z....####
#.........
..#....#...
...#....#..#.


You could see a tentacled monstrosity (sheltered), an ironbound preserver (soul
bound, empowered), 3 titans, a cyan very ugly thing (soul bound, sheltered), a
sphinx (soul bound, empowered), 2 stone giants, a vault warden (soul bound,
empowered, sheltered), 2 tengu reavers, a lich (fast, empowered, invisible), 2
yaktaur captains, 5 vault guards, a deep elf annihilator (empowered), a deep elf
death mage (soul bound, empowered), an ettin (soul bound), an ogre mage (strong,
empowered, invisible), a deep troll (soul bound, sheltered), a vault sentinel
(soul bound, strong, empowered, sheltered, catching breath), a deep elf knight
(fast, soul bound, invisible), a deep elf high priest (soul bound, brilliance
aura), a phantasmal warrior, 2 ironbound convokers, 3 yaktaurs, 2 deep elf
pyromancers, a necromancer (empowered, sheltered), 6 fire elementals, 2 orc
warriors, an orc wizard (soul bound, invisible), a sphinx simulacrum, a deep elf
sorcerer simulacrum, a yaktaur captain simulacrum, a vault guard simulacrum
(strong), an ironbound convoker simulacrum, 2 tengu reaver simulacra and an orc
(soul bound, strong).

Vanquished Creatures
  Mara (Depths:2)
  Frederick (Vaults:4)
  Xtahua (Depths:3)
  A golden dragon (Vaults:5)
  Jorgrun (Spider:1)
  2 tentacled monstrosities
  Zenata (Vaults:1)
  A walking earthen tome (Depths:3)
  A walking crystal tome (Depths:3)
  4 liches
  Rupert (Spider:1)
  4 titans
  Asterion (Spider:3)
  3 walking divine tomes
  10 sphinxes
  2 tentacled starspawn (Abyss:3)
  Polyphemus (Shoals:3)
  6 storm dragons
  7 tengu reavers
  5 shadow dragons
  2 deep elf sorcerers (Vaults:5)
  19 vault wardens
  2 emperor scorpions
  2 iron dragons
  8 ghost moths
  12 frost giants
  7 fire giants
  A draconian scorcher (Depths:4)
  Louise (Depths:1)
  5 spectral caustic shrikes (Depths:2)
  A draconian stormcaller (Depths:4)
  28 ironbound preservers
  15 stone giants
  2 war gargoyles
  2 reapers
  A spriggan defender (Depths:2)
  Nessos (D:15)
  A vampire knight (Depths:3)
  31 very ugly things
  6 ironbound thunderhulks
  A demonspawn black sun (D:13)
  2 broodmothers (Spider:4)
  A yellow draconian (Depths:4)
  Azrael (D:13)
  2 black draconians (Depths:4)
  17 dire elephants
  3 minotaurs (Shoals:4)
  A white draconian (Depths:4)
  2 red draconians (Depths:4)
  2 spark wasps
  A deep elf death mage (Vaults:5)
  A crystal guardian (Vaults:3)
  6 fire dragons
  A merfolk javelineer (Shoals:4)
  10 ettins
  5 entropy weavers
  Josephine (D:14)
  2 merfolk impalers
  A deep elf high priest (Vaults:5)
  5 rakshasas
  13 yaktaur captains
  4 great orbs of eyes
  Fannar (Lair:2)
  25 vault guards
  Erolcha (D:13)
  Harold (D:9)
  3 spriggan air magi
  A ghost crab (Spider:3)
  7 ice dragons
  An ice dragon (shapeshifter) (Vaults:5)
  4 merfolk avatars
  2 ogre magi
  3 hydras
  A peacekeeper (Vaults:3)
  A radroach (Spider:3)
  7 ironbound frosthearts
  A jorogumo (Spider:4)
  2 alligator snapping turtles
  3 merfolk aquamancers
  5 boulder beetles
  7 centaur warriors
  2 catoblepae
  11 two-headed ogres
  4 death yaks (Shoals:3)
  13 satyrs
  5 deep troll shamans
  3 tengu warriors
  4 spriggan berserkers (Depths:3)
  A shock serpent (shapeshifter) (D:15)
  6 deep troll earth magi
  A vampire mage (Vaults:2)
  7 orc high priests
  Sonja (Orc:1)
  2 soul eaters
  5 sun demons
  2 hell knights
  5 skysharks
  10 iron trolls
  5 skeletal warriors
  7 pharaoh ants
  A sixfirhy (Abyss:3)
  A spriggan (Depths:3)
  2 sun moths
  3 glowing orange brains
  A death drake (shapeshifter) (D:15)
  2 flayed ghosts (Depths:3)
  6 orb spiders
  80 deep trolls
  A storm dragon skeleton (Vaults:4)
  Lodul (D:9)
  7 sea snakes
  7 phantasmal warriors
  7 wizards
  16 harpies
  6 steelbarb worms
  3 orc knights
  6 necromancers
  22 ironbound convokers
  8 lindwurms
  52 ugly things
  2 deep elf pyromancers
  A deep elf zephyrmancer (Vaults:5)
  12 manticores
  2 fire giant zombies
  13 wolf spiders
  6 cyclopes
  2 orc sorcerers
  2 salamanders (Depths:4)
  A sphinx skeleton (Depths:1)
  A rust devil (Depths:3)
  An apocalypse crab (Abyss:3)
  A black mamba (shapeshifter) (D:13)
  15 fauns
  2 moths of wrath
  8 water nymphs
  14 elephants
  A cane toad (shapeshifter) (D:14)
  5 merfolk sirens
  3 smoke demons
  12 black mambas
  3 molten gargoyles (Lair:5)
  6 torpor snails
  8 demonic crawlers
  Maggie (Lair:1)
  An orange demon (Abyss:3)
  8 cane toads
  A gargoyle (D:12)
  19 vault sentinels
  14 komodo dragons
  30 yaktaurs
  A rime drake (Lair:4)
  2 human zombies
  An efreet (D:15)
  A tengu conjurer (Shoals:3)
  A yaktaur skeleton (Vaults:1)
  3 harpy zombies (Shoals:1)
  4 meliai
  5 tyrant leeches (Spider:3)
  A queen bee (D:15)
  6 wind drakes
  2 polar bears
  10 trolls
  A wind drake (shapeshifter) (Vaults:5)
  A hornet (Depths:3)
  3 raiju (Abyss:3)
  31 tarantellas
  26 merfolk
  5 snapping turtles
  15 blink frogs
  13 dream sheep
  A human simulacrum (Vaults:2)
  3 spriggan skeletons (Depths:1)
  2 ettin zombies (Vaults:2)
  24 jumping spiders
  40 slime creatures
  15 culicivoras
  5 flying skulls (Abyss:3)
  A spriggan (shapeshifter) (D:13)
  12 water elementals
  An elf simulacrum (Vaults:1)
  51 yaks
  2 vampires
  6 wraiths
  6 golden eyes (Abyss:3)
  8 wyverns
  2 steam dragons
  8 basilisks
  48 redbacks
  3 small abominations
  A yaktaur simulacrum (Vaults:2)
  A redback (shapeshifter) (Depths:2)
  11 vampire mosquitoes
  Menkaure (D:6)
  13 wargs
  2 acid dragons (D:11)
  A swamp worm (shapeshifter) (Depths:3)
  11 water moccasins
  2 harpy simulacra
  2 human skeletons
  12 hell hounds
  A floating eye (shapeshifter) (Vaults:5)
  33 orc warriors
  3 large abominations
  A floating eye (Depths:3)
  4 black bears (D:10)
  A manticore zombie (Shoals:1)
  A sky beast (D:8)
  An ogre (shapeshifter) (Vaults:5)
  5 ice beasts (D:7)
  11 wolves
  22 ogres
  4 boggarts (Vaults:2)
  11 centaurs
  2 kobold brigands
  7 bullfrogs
  2 gnoll sergeants
  3 scorpions
  7 wights
  28 killer bees
  8 howler monkeys
  A vampire bat (Orc:2)
  An electric eel (D:11)
  5 lava snakes (Lair:5)
  5 jellies
  2 hounds
  45 orc priests
  An iron imp (Abyss:3)
  24 orc wizards
  A sleepcap (D:6)
  A boggart simulacrum (D:15)
  10 adders
  11 gnolls
  A shadow imp (D:7)
  15 white imps
  2 ufetubi
  2 worms
  A dart slug (D:2)
  110 orcs
  6 ball pythons
  2 bat zombies (Shoals:1)
  13 endoplasms
  2 giant cockroaches
  4 goblins
  6 hobgoblins
  6 jackals
  4 quokkas
  9 bats
  5 frilled lizards
  19 kobolds
  5 rats
  A spectral weapon (Spider:3)
  2 starspawn tentacles (Abyss:3)
1784 creatures vanquished.

Vanquished Creatures (others)
  A black draconian (Depths:4)
  A yaktaur captain (Vaults:5)
  A deep elf pyromancer (D:13)
  A redback (Spider:3)
  A small abomination (Abyss:3)
  An endoplasm (Lair:5)
  4 starspawn tentacles (Abyss:3)
10 creatures vanquished.

Grand Total: 1794 creatures vanquished

Notes
Turn   | Place    | Note
-------+----------+-------------------------------------------
     0 | D:1      | qw the Gargoyle Fighter began the quest for the Orb.
     0 | D:1      | Reached XP level 1. HP: 14/14 MP: 1/1
     0 | D:1      | 0 ||| qw: Version: 0.2-a-102-gfc559e5
     0 | D:1      | 0 ||| qw: Game counter: 631
     0 | D:1      | 0 ||| qw: Always use a shield: true
     0 | D:1      | 0 ||| qw: God list: Okawaru
     0 | D:1      | 0 ||| qw: Allow faded altars: false
     0 | D:1      | 0 ||| qw: Do Orc after D:15 true
     0 | D:1      | 0 ||| qw: Do second Lair branch before Depths: true
     0 | D:1      | 0 ||| qw: Lair rune preference: random
     0 | D:1      | 0 ||| qw: Plans: Normal, Zot:1-4, Slime:5, God:TSO, Crypt,
                  | Tomb, Pan, Hells, Abyss, Win
     0 | D:1      | 0 ||| PLANNING D:1-11
   276 | D:1      | Reached XP level 2. HP: 17/19 MP: 2/2
   304 | D:1      | 304 ||| Stepping ~*~*~tactically~*~*~ (stealth).
   313 | D:1      | 313 ||| FLEEEEING.
   314 | D:1      | 314 ||| FLEEEEING.
   315 | D:1      | 315 ||| FLEEEEING.
   316 | D:1      | 316 ||| FLEEEEING.
   317 | D:1      | 317 ||| FLEEEEING.
   356 | D:1      | 356 ||| Stepping ~*~*~tactically~*~*~ (stealth).
   367 | D:1      | 367 ||| Stepping ~*~*~tactically~*~*~ (stealth).
   372 | D:1      | 372 ||| Stepping ~*~*~tactically~*~*~ (stealth).
   401 | D:1      | 401 ||| Stepping ~*~*~tactically~*~*~ (stealth).
   412 | D:1      | Reached skill level 3 in Axes
   412 | D:1      | Reached XP level 3. HP: 15/23 MP: 3/3
   429 | D:1      | 429 ||| FLEEEEING.
   766 | D:1      | 766 ||| UPGRADING to +0 chain mail.
   776 | D:1      | 776 ||| DROPPING +0 scale mail.
   777 | D:1      | 777 ||| UPGRADING to +1 pair of gloves.
   782 | D:1      | 782 ||| UPGRADING to amulet of reflection.
   787 | D:1      | 787 ||| DROPPING ring of wizardry.
   788 | D:1      | 788 ||| UPGRADING to +4 ring of protection.
   789 | D:1      | 789 ||| DROPPING ring of flight.
   790 | D:1      | 790 ||| READING 3 scrolls labelled CYESYBLICWY.
   791 | D:1      | 791 ||| READING 2 scrolls of enchant weapon.
   791 | D:1      | 791 ||| ENCHANTING +1 war axe.
   792 | D:1      | 792 ||| READING scroll of enchant weapon.
   792 | D:1      | 792 ||| ENCHANTING +2 war axe.
   793 | D:1      | 793 ||| READING scroll labelled WOWIOL FAAHUS.
   794 | D:1      | 794 ||| READING scroll labelled LUCUAMMOXT.
   795 | D:1      | 795 ||| DRINKING 2 fizzy black potions.
   796 | D:1      | 796 ||| DROPPING potion of flight.
   882 | D:2      | 882 ||| Stepping ~*~*~tactically~*~*~ (stealth).
   885 | D:2      | 885 ||| Stepping ~*~*~tactically~*~*~ (hiding).
   927 | D:2      | Reached XP level 4. HP: 28/28 MP: 4/4
  1303 | D:2      | 1303 ||| READING 3 scrolls labelled RAOR GUCSIQEP.
  1304 | D:2      | 1304 ||| READING 2 scrolls of brand weapon.
  1304 | D:2      | 1304 ||| BRANDING +3 war axe of venom.
  1305 | D:2      | 1305 ||| READING scroll labelled SEVIXK MUHAFO.
  1306 | D:2      | 1306 ||| DRINKING 2 lumpy white potions.
  1307 | D:2      | 1307 ||| DRINKING 2 inky potions.
  1308 | D:2      | 1308 ||| DRINKING potion of curing.
  1308 | D:2      | 1308 ||| (to cure confusion)
  1309 | D:2      | 1309 ||| DROPPING potion of ambrosia.
  1375 | D:3      | Found a faded altar of an unknown god.
  2017 | D:3      | 2017 ||| UPGRADING to +0 helmet.
  2022 | D:3      | 2022 ||| UPGRADING to +6 ring of dexterity.
  2023 | D:3      | 2023 ||| READING scroll labelled ZUBLOM AKUNAQI.
  2026 | D:3      | 2026 ||| READING 3 scrolls of identify.
  2026 | D:3      | 2026 ||| IDENTIFYING fizzy inky potion
  2027 | D:3      | 2027 ||| READING 2 scrolls of identify.
  2027 | D:3      | 2027 ||| IDENTIFYING fuming emerald potion
  2296 | D:4      | Reached XP level 5. HP: 31/32 MP: 5/5
  2762 | D:4      | 2762 ||| DROPPING ring of willpower.
  2763 | D:4      | 2763 ||| READING scroll labelled ZOPNIS YVYARU.
  2781 | D:5      | Entered Level 5 of the Dungeon
  2814 | D:5      | Reached skill level 1 in Dodging
  2843 | D:5      | Found Qexkiatt's Mayhem Merchandise.
  2851 | D:5      | 2851 ||| BUYING +0 broad axe (56 gold).
  2851 | D:5      | Bought a +0 broad axe for 56 gold pieces
  2901 | D:5      | Found a glowing golden altar of the Shining One.
  3101 | D:5      | 3101 ||| READING 3 scrolls of identify.
  3101 | D:5      | 3101 ||| IDENTIFYING grey potion
  3106 | D:5      | 3106 ||| STAIRDANCE
  3107 | D:4      | Found a staircase to the Ecumenical Temple.
  3108 | D:4      | 3108 ||| PLANNING TEMPLE
  3110 | D:5      | 3110 ||| STAIRDANCE
  3114 | D:5      | 3114 ||| STAIRDANCE
  3118 | D:5      | 3118 ||| STAIRDANCE
  3122 | D:5      | 3122 ||| STAIRDANCE
  3126 | D:5      | 3126 ||| STAIRDANCE
  3130 | D:5      | 3130 ||| STAIRDANCE
  3134 | D:5      | 3134 ||| STAIRDANCE
  3138 | D:5      | 3138 ||| STAIRDANCE
  3142 | D:5      | 3142 ||| STAIRDANCE
  3146 | D:5      | 3146 ||| STAIRDANCE
  3150 | D:5      | 3150 ||| STAIRDANCE
  3154 | D:5      | 3154 ||| STAIRDANCE
  3158 | D:5      | 3158 ||| STAIRDANCE
  3162 | D:5      | 3162 ||| STAIRDANCE
  3166 | D:5      | 3166 ||| STAIRDANCE
  3170 | D:5      | 3170 ||| STAIRDANCE
  3174 | D:5      | 3174 ||| STAIRDANCE
  3178 | D:5      | 3178 ||| STAIRDANCE
  3182 | D:5      | 3182 ||| STAIRDANCE
  3195 | D:4      | Reached XP level 6. HP: 38/38 MP: 6/6
  3300 | Temple   | Entered the Ecumenical Temple
  3355 | Temple   | 3355 ||| PLANNING D:1-11
  3389 | D:5      | 3389 ||| Stepping ~*~*~tactically~*~*~ (hiding).
  3396 | D:5      | Reached skill level 4 in Fighting
  3411 | D:5      | 3411 ||| DRINKING potion of curing.
  3411 | D:5      | 3411 ||| (to cure confusion)
  3606 | D:5      | 3606 ||| Stepping ~*~*~tactically~*~*~ (hiding).
  3609 | D:5      | 3609 ||| Stepping ~*~*~tactically~*~*~ (hiding).
  3746 | D:5      | 3746 ||| READING 2 scrolls of identify.
  3746 | D:5      | 3746 ||| IDENTIFYING smoky coppery potion
  3747 | D:5      | 3747 ||| DROPPING potion of magic.
  3805 | D:6      | Noticed Menkaure
  3807 | D:6      | 3807 ||| Stepping ~*~*~tactically~*~*~ (hiding).
  3808 | D:6      | 3808 ||| Stepping ~*~*~tactically~*~*~ (hiding).
  3809 | D:6      | 3809 ||| Stepping ~*~*~tactically~*~*~ (hiding).
  3810 | D:6      | 3810 ||| Stepping ~*~*~tactically~*~*~ (hiding).
  3817 | D:6      | Killed Menkaure
  3818 | D:6      | Reached skill level 6 in Axes
  3818 | D:6      | Reached XP level 7. HP: 42/43 MP: 7/7
  3951 | D:6      | 3951 ||| Stepping ~*~*~tactically~*~*~ (hiding).
  4070 | D:6      | 4070 ||| READING scroll labelled LUURITIBIA.
  4071 | D:6      | 4071 ||| READING 2 scrolls of identify.
  4071 | D:6      | 4071 ||| IDENTIFYING sedimented orange potion
  4212 | D:6      | 4212 ||| READING scroll of enchant weapon.
  4212 | D:6      | 4212 ||| ENCHANTING +3 vampiric war axe.
  4556 | D:6      | 4556 ||| Stepping ~*~*~tactically~*~*~ (stealth).
  4683 | D:6      | 4683 ||| UPGRADING to +5 ring of evasion.
  4685 | D:6      | 4685 ||| UPGRADING to +4 ring of protection.
  4687 | D:6      | 4687 ||| DROPPING +6 ring of dexterity.
  4688 | D:6      | 4688 ||| DRINKING 3 sedimented sapphire potions.
  4688 | D:6      | Gained mutation: You are partially covered in large bone
                  | plates. (SH +4) [potion of mutation]
  4688 | D:6      | Gained mutation: You are mostly covered in large bone
                  | plates. (SH +6) [potion of mutation]
  4903 | D:7      | Found an iron altar of Okawaru.
  4904 | D:7      | 4904 ||| PLANNING OKAWARU WORSHIP
  4904 | D:7      | 4904 ||| UPGRADING to +0 plate armour.
  4914 | D:7      | 4914 ||| DROPPING +0 chain mail.
  4915 | D:7      | 4915 ||| READING scroll labelled AVVUYR ETSACS.
  4935 | D:7      | Became a worshipper of Warmaster Okawaru
  4935 | D:7      | 4935 ||| PLANNING D:1-11
  4967 | D:7      | Reached skill level 5 in Fighting
  4967 | D:7      | Reached XP level 8. HP: 50/50 MP: 8/8
  4974 | D:7      | Reached skill level 1 in Throwing
  5007 | D:7      | 5007 ||| Stepping ~*~*~tactically~*~*~ (stealth).
  5008 | D:7      | 5008 ||| Stepping ~*~*~tactically~*~*~ (stealth).
  5052 | D:7      | 5052 ||| DROPPING +0 flail.
  5131 | D:7      | Found a flagged portal.
  5321 | D:7      | Reached * piety under Okawaru
  5403 | D:7      | Reached skill level 1 in Invocations
  5483 | D:7      | Identified the +7 flail of the Lair of Beasts {freeze,
                  | rPois rC+ rN+}
  5486 | D:7      | 5486 ||| Stepping ~*~*~tactically~*~*~ (stealth).
  5543 | D:7      | 5543 ||| Stepping ~*~*~tactically~*~*~ (stealth).
  5646 | D:7      | 5646 ||| READING scroll of enchant weapon.
  5646 | D:7      | 5646 ||| ENCHANTING +4 vampiric war axe.
  5716 | D:7      | 5716 ||| Stepping ~*~*~tactically~*~*~ (stealth).
  6060 | D:7      | 6060 ||| DROPPING amulet of guardian spirit.
  6061 | D:7      | 6061 ||| READING scroll labelled ENNYRO PIQI.
  6105 | D:8      | Noticed a troll
  6106 | D:8      | 6106 ||| INVOKING Heroism.
  6109 | D:8      | Reached XP level 9. HP: 55/55 MP: 8/11
  6119 | D:8      | Killed a troll
  6120 | D:8      | Reached skill level 6 in Fighting
  6120 | D:8      | Reached skill level 3 in Invocations
  6171 | D:8      | Reached ** piety under Okawaru
  6304 | D:8      | 6304 ||| Stepping ~*~*~tactically~*~*~ (stealth).
  6391 | D:8      | Reached skill level 9 in Axes
  6508 | D:8      | Found the +18 shield of the Gong {Loud rN+ Will+ rCorr
                  | EV-5}
  6534 | D:8      | Found a hide-covered altar of Uskayaw.
  6534 | D:8      | Noticed a +0 dagger
  6534 | D:8      | Noticed a +0 falchion
  6535 | D:8      | Noticed a +0 short sword
  6536 | D:8      | Noticed a +0 dagger
  6541 | D:8      | Noticed a +0 falchion
  6542 | D:8      | Noticed a +0 spear
  6542 | D:8      | Noticed a +0 short sword
  6544 | D:8      | Noticed a +0 spear
  6553 | D:8      | Identified the +1 robe "Xythiufo" {Str-5 Int+8 SInv Stlth+}
  6595 | D:8      | 6595 ||| Stepping ~*~*~tactically~*~*~ (hiding).
  6602 | D:8      | 6602 ||| Stepping ~*~*~tactically~*~*~ (stealth).
  6683 | D:8      | Reached skill level 6 in Armour
  6711 | D:8      | Found an ornate altar of the Wu Jian Council.
  6855 | D:8      | 6855 ||| UPGRADING to +0 tower shield.
  6865 | D:8      | 6865 ||| DROPPING +0 buckler.
  6866 | D:8      | 6866 ||| UPGRADING to +18 shield of the Gong {Loud rN+
                  | Will+ rCorr EV-5}.
  6876 | D:8      | 6876 ||| DROPPING +0 tower shield.
  6877 | D:8      | 6877 ||| DROPPING ring of see invisible.
  6878 | D:8      | 6878 ||| READING scroll labelled YCAUM BOGAIQYZXE.
  6879 | D:8      | 6879 ||| READING 6 scrolls of identify.
  6879 | D:8      | 6879 ||| IDENTIFYING fuming amethyst potion
  6909 | D:9      | 6909 ||| Stepping ~*~*~tactically~*~*~ (hiding).
  6912 | D:9      | 6912 ||| Stepping ~*~*~tactically~*~*~ (hiding).
  6913 | D:9      | 6913 ||| INVOKING Heroism.
  7000 | D:9      | Reached skill level 6 in Shields
  7003 | D:9      | Noticed Harold
  7004 | D:9      | 7004 ||| INVOKING Heroism.
  7006 | D:9      | Reached XP level 10. HP: 60/60 MP: 10/13
  7011 | D:9      | Reached *** piety under Okawaru
  7020 | D:9      | 7020 ||| INVOKING Heroism.
  7025 | D:9      | Killed Harold
  7035 | D:9      | Reached skill level 7 in Fighting
  7044 | D:9      | Reached skill level 9 in Shields
  7059 | D:9      | Reached **** piety under Okawaru
  7140 | D:9      | Found a bloodstained altar of Trog.
  7142 | D:9      | Found a shadowy altar of Dithmenos.
  7173 | D:9      | 7173 ||| READING scroll of enchant weapon.
  7173 | D:9      | 7173 ||| ENCHANTING +5 vampiric war axe.
  7330 | D:9      | Found a burning altar of Makhleb.
  7332 | D:9      | Noticed a blizzard demon
  7431 | D:9      | Found a glowing silver altar of Zin.
  7431 | D:9      | Noticed an angel
  7563 | D:10     | Entered Level 10 of the Dungeon
  7563 | D:10     | Noticed Lodul
  7567 | D:10     | 7567 ||| STAIRDANCE
  7570 | D:9      | Killed Lodul
  7586 | D:10     | 7586 ||| STAIRDANCE
  7588 | D:9      | 7588 ||| INVOKING Heroism.
  7593 | D:9      | Reached skill level 6 in Invocations
  7595 | D:9      | Reached XP level 11. HP: 66/67 MP: 12/15
  7616 | D:10     | Reached ***** piety under Okawaru
  7623 | D:10     | Received a gift from Okawaru
  7650 | D:10     | 7650 ||| INVOKING Heroism.
  7654 | D:10     | Reached skill level 8 in Fighting
  7654 | D:10     | Noticed a vault guard
  7680 | D:10     | Killed a vault guard
  7765 | D:10     | 7765 ||| INVOKING Heroism.
  7887 | D:10     | Found a staircase to the Lair.
  8126 | D:10     | Found a portal to a secret trove of treasure.
  8127 | D:10     | 8127 ||| PLANNING LAIR
  8127 | D:10     | 8127 ||| DRINKING 3 sedimented blue potions.
  8128 | D:10     | 8128 ||| DROPPING 2 potions of brilliance.
  8158 | Lair:1   | Entered Level 1 of the Lair of Beasts
  8196 | Lair:1   | 8196 ||| INVOKING Heroism.
  8297 | Lair:1   | Noticed Maggie
  8315 | Lair:1   | Killed Maggie
  8315 | Lair:1   | Received a gift from Okawaru
  8482 | Lair:1   | Identified the ring of Ydaurid {rPois Str+3 Slay+4}
  8678 | Lair:1   | 8678 ||| UPGRADING to +2 chain mail of cold resistance.
  8688 | Lair:1   | 8688 ||| DROPPING amulet of the acrobat.
  8689 | Lair:1   | 8689 ||| UPGRADING to ring of Ydaurid {rPois Str+3 Slay+4}.
  8691 | Lair:1   | 8691 ||| UPGRADING to +5 ring of evasion.
  8693 | Lair:1   | 8693 ||| DROPPING +4 ring of protection.
  8720 | Lair:2   | 8720 ||| INVOKING Heroism.
  8749 | Lair:2   | Reached skill level 9 in Invocations
  8786 | Lair:2   | 8786 ||| INVOKING Heroism.
  8788 | Lair:2   | 8788 ||| Stepping ~*~*~tactically~*~*~ (stealth).
  8822 | Lair:2   | Reached XP level 12. HP: 69/73 MP: 19/19
  8827 | Lair:2   | 8827 ||| INVOKING Heroism.
  8866 | Lair:2   | Noticed Fannar
  8867 | Lair:2   | Received a gift from Okawaru
  8878 | Lair:2   | 8878 ||| Stepping ~*~*~tactically~*~*~ (hiding).
  8880 | Lair:2   | 8880 ||| Stepping ~*~*~tactically~*~*~ (hiding).
  8889 | Lair:2   | Killed Fannar
  8922 | Lair:2   | 8922 ||| Stepping ~*~*~tactically~*~*~ (water).
  8925 | Lair:2   | Reached skill level 3 in Throwing
  9160 | Lair:2   | Reached skill level 9 in Fighting
  9603 | Lair:2   | 9603 ||| UPGRADING to +2 cloak of preservation.
  9637 | Lair:3   | 9637 ||| Stepping ~*~*~tactically~*~*~ (hiding).
  9640 | Lair:3   | 9640 ||| Stepping ~*~*~tactically~*~*~ (hiding).
  9642 | Lair:3   | 9642 ||| Stepping ~*~*~tactically~*~*~ (hiding).
  9666 | Lair:3   | Reached skill level 12 in Axes
  9680 | Lair:3   | Noticed a skyshark
  9693 | Lair:3   | Killed a skyshark
  9694 | Lair:3   | Noticed an eight-headed hydra
  9695 | Lair:3   | 9695 ||| INVOKING Heroism.
  9696 | Lair:3   | 9696 ||| INVOKING Finesse.
  9697 | Lair:3   | 9697 ||| SWAPPING to +0 morningstar.
  9704 | Lair:3   | Killed an eight-headed hydra
  9705 | Lair:3   | 9705 ||| Stepping ~*~*~tactically~*~*~ (hiding).
  9706 | Lair:3   | 9706 ||| SWAPPING to +6 vampiric war axe.
  9745 | Lair:3   | 9745 ||| Stepping ~*~*~tactically~*~*~ (hiding).
  9759 | Lair:3   | Reached skill level 10 in Fighting
  9759 | Lair:3   | Reached XP level 13. HP: 82/82 MP: 20/20
  9795 | Lair:3   | Found a staircase to the Shoals.
  9820 | Lair:3   | Found a hole to the Spider Nest.
  9954 | Lair:3   | 9954 ||| FLEEEEING.
  9955 | Lair:3   | 9955 ||| FLEEEEING.
  9956 | Lair:3   | 9956 ||| FLEEEEING.
  9957 | Lair:3   | 9957 ||| FLEEEEING.
  9958 | Lair:3   | 9958 ||| FLEEEEING.
  9959 | Lair:3   | 9959 ||| FLEEEEING.
  9960 | Lair:3   | 9960 ||| FLEEEEING.
  9961 | Lair:3   | 9961 ||| FLEEEEING.
  9962 | Lair:3   | 9962 ||| FLEEEEING.
  9963 | Lair:3   | 9963 ||| FLEEEEING.
  9964 | Lair:3   | 9964 ||| FLEEEEING.
  9965 | Lair:3   | 9965 ||| FLEEEEING.
  9966 | Lair:3   | 9966 ||| FLEEEEING.
  9967 | Lair:3   | 9967 ||| FLEEEEING.
  9968 | Lair:3   | 9968 ||| FLEEEEING.
  9974 | Lair:3   | Received a gift from Okawaru
  9987 | Lair:3   | Reached ****** piety under Okawaru
 10675 | Lair:4   | 10675 ||| FLEEEEING.
 10676 | Lair:4   | 10676 ||| FLEEEEING.
 10677 | Lair:4   | 10677 ||| FLEEEEING.
 10678 | Lair:4   | 10678 ||| FLEEEEING.
 10679 | Lair:4   | 10679 ||| FLEEEEING.
 10680 | Lair:4   | 10680 ||| FLEEEEING.
 10692 | Lair:4   | Received a gift from Okawaru
 10696 | Lair:4   | 10696 ||| INVOKING Heroism.
 10896 | Lair:4   | Found a runed translucent gate.
 10896 | Lair:4   | Found a runed translucent gate.
 10896 | Lair:4   | Found a runed translucent gate.
 10897 | Lair:4   | Noticed qw's ghost (journeyman GrFi)
 10898 | Lair:4   | Noticed qw's ghost (journeyman GrFi)
 11146 | Lair:4   | 11146 ||| READING 2 scrolls labelled KULEDD LOAHASCH.
 11147 | Lair:4   | 11147 ||| DROPPING scroll of fear.
 11163 | Lair:5   | Entered Level 5 of the Lair of Beasts
 11194 | Lair:5   | 11194 ||| Stepping ~*~*~tactically~*~*~ (stealth).
 11228 | Lair:5   | 11228 ||| Stepping ~*~*~tactically~*~*~ (stealth).
 11309 | Lair:5   | 11309 ||| INVOKING Heroism.
 11316 | Lair:5   | Received a gift from Okawaru
 11324 | Lair:5   | 11324 ||| INVOKING Finesse.
 11335 | Lair:5   | Received a gift from Okawaru
 11337 | Lair:5   | 11337 ||| SWAPPING to +0 morningstar.
 11349 | Lair:5   | 11349 ||| SWAPPING to +6 vampiric war axe.
 11356 | Lair:5   | 11356 ||| Stepping ~*~*~tactically~*~*~ (stealth).
 11362 | Lair:5   | 11362 ||| Stepping ~*~*~tactically~*~*~ (stealth).
 11364 | Lair:5   | 11364 ||| Stepping ~*~*~tactically~*~*~ (stealth).
 11564 | Lair:5   | Received a gift from Okawaru
 11748 | Lair:5   | 11748 ||| Stepping ~*~*~tactically~*~*~ (stealth).
 11751 | Lair:5   | 11751 ||| INVOKING Heroism.
 11752 | Lair:5   | 11752 ||| Stepping ~*~*~tactically~*~*~ (stealth).
 11772 | Lair:5   | 11772 ||| INVOKING Heroism.
 11773 | Lair:5   | 11773 ||| INVOKING Finesse.
 11779 | Lair:5   | 11779 ||| SWAPPING to +0 morningstar.
 11783 | Lair:5   | 11783 ||| SWAPPING to +6 vampiric war axe.
 11788 | Lair:5   | Received a gift from Okawaru
 11811 | Lair:5   | 11811 ||| Stepping ~*~*~tactically~*~*~ (hiding).
 11833 | Lair:5   | Reached skill level 11 in Fighting
 11842 | Lair:5   | Gained mutation: Your large and strong wings let you fly.
                  | [Gargoyle growth]
 11842 | Lair:5   | Reached XP level 14. HP: 90/90 MP: 19/21
 11859 | Lair:5   | Received a gift from Okawaru
 11941 | Lair:5   | Found a staircase to the Slime Pits.
 11984 | Lair:5   | 11984 ||| Stepping ~*~*~tactically~*~*~ (stealth).
 11986 | Lair:5   | 11986 ||| Stepping ~*~*~tactically~*~*~ (hiding).
 11988 | Lair:5   | 11988 ||| Stepping ~*~*~tactically~*~*~ (hiding).
 11990 | Lair:5   | 11990 ||| Stepping ~*~*~tactically~*~*~ (hiding).
 12044 | Lair:5   | 12044 ||| Stepping ~*~*~tactically~*~*~ (stealth).
 12068 | Lair:5   | 12068 ||| Stepping ~*~*~tactically~*~*~ (hiding).
 12111 | Lair:5   | Reached skill level 9 in Armour
 12146 | Lair:5   | Found a large runed translucent door.
 12146 | Lair:5   | Found a large runed translucent door.
 12433 | Lair:5   | 12433 ||| PLANNING D:1-11
 12433 | Lair:5   | 12433 ||| READING 11 scrolls of identify.
 12433 | Lair:5   | 12433 ||| IDENTIFYING lumpy sapphire potion
 12434 | Lair:5   | 12434 ||| DROPPING potion of degeneration.
 12601 | D:11     | Found a staircase to the Orcish Mines.
 12660 | D:11     | Identified the +5 spear "Zinaug" {venom, rN+ Str+4 Int-5
                  | Dex+3}
 12766 | D:11     | 12766 ||| Stepping ~*~*~tactically~*~*~ (stealth).
 12769 | D:11     | 12769 ||| Stepping ~*~*~tactically~*~*~ (stealth).
 12772 | D:11     | 12772 ||| Stepping ~*~*~tactically~*~*~ (hiding).
 12776 | D:11     | Noticed Onakli's ghost (journeyman DsFi)
 12780 | D:11     | Found a runed translucent door.
 12852 | D:11     | 12852 ||| Stepping ~*~*~tactically~*~*~ (stealth).
 12860 | D:11     | Reached skill level 12 in Shields
 12897 | D:11     | 12897 ||| Stepping ~*~*~tactically~*~*~ (stealth).
 12899 | D:11     | 12899 ||| Stepping ~*~*~tactically~*~*~ (hiding).
 12905 | D:11     | 12905 ||| Stepping ~*~*~tactically~*~*~ (hiding).
 12906 | D:11     | 12906 ||| Stepping ~*~*~tactically~*~*~ (hiding).
 12938 | D:11     | 12938 ||| Stepping ~*~*~tactically~*~*~ (stealth).
 13119 | D:11     | 13119 ||| Stepping ~*~*~tactically~*~*~ (hiding).
 13414 | D:11     | 13414 ||| PLANNING D
 13414 | D:11     | 13414 ||| READING scroll labelled FICUT FUSYSHA.
 13454 | D:12     | Received a gift from Okawaru
 13496 | D:12     | 13496 ||| Stepping ~*~*~tactically~*~*~ (stealth).
 13529 | D:12     | Found a runed translucent gate.
 13529 | D:12     | Found a runed translucent gate.
 13529 | D:12     | Noticed Uvvog's ghost (journeyman GnNe)
 13530 | D:12     | Found a runed translucent gate.
 13530 | D:12     | Found an opulent altar of Gozag.
 13554 | D:12     | 13554 ||| Stepping ~*~*~tactically~*~*~ (hiding).
 13586 | D:12     | Identified the +0 war axe of Kismet {antimagic, Int+3}
                  | (Okawaru gifted it to you on level 12 of the Dungeon)
 13586 | D:12     | Received a gift from Okawaru
 13588 | D:12     | 13588 ||| DROPPING +0 war axe of Kismet {antimagic, Int+3}.
 13603 | D:12     | Identified the +8 dagger "Eshruamuqe" {freeze, rElec rCorr}
 13606 | D:12     | 13606 ||| Stepping ~*~*~tactically~*~*~ (stealth).
 13708 | D:12     | 13708 ||| Stepping ~*~*~tactically~*~*~ (stealth).
 13710 | D:12     | 13710 ||| Stepping ~*~*~tactically~*~*~ (hiding).
 13835 | D:12     | 13835 ||| Stepping ~*~*~tactically~*~*~ (stealth).
 13836 | D:12     | 13836 ||| Stepping ~*~*~tactically~*~*~ (stealth).
 13837 | D:12     | 13837 ||| READING scroll of enchant weapon.
 13837 | D:12     | 13837 ||| ENCHANTING +6 vampiric war axe.
 13838 | D:12     | 13838 ||| DROPPING +0 broad axe.
 13885 | D:12     | 13885 ||| Stepping ~*~*~tactically~*~*~ (hiding).
 13898 | D:12     | 13898 ||| INVOKING Heroism.
 13902 | D:12     | 13902 ||| INVOKING Finesse.
 14240 | D:12     | 14240 ||| INVOKING Heroism.
 14343 | D:12     | 14343 ||| DROPPING amulet of regeneration.
 14344 | D:12     | 14344 ||| DROPPING amulet of magic regeneration.
 14384 | D:13     | 14384 ||| INVOKING Heroism.
 14385 | D:13     | 14385 ||| Stepping ~*~*~tactically~*~*~ (hiding).
 14386 | D:13     | 14386 ||| INVOKING Finesse.
 14406 | D:13     | 14406 ||| Stepping ~*~*~tactically~*~*~ (stealth).
 14416 | D:13     | 14416 ||| Stepping ~*~*~tactically~*~*~ (stealth).
 14416 | D:13     | Noticed Erolcha
 14418 | D:13     | 14418 ||| Stepping ~*~*~tactically~*~*~ (hiding).
 14423 | D:13     | Killed Erolcha
 14441 | D:13     | Reached skill level 15 in Axes
 14462 | D:13     | 14462 ||| Stepping ~*~*~tactically~*~*~ (stealth).
 14463 | D:13     | 14463 ||| Stepping ~*~*~tactically~*~*~ (stealth).
 14465 | D:13     | Noticed a demonspawn black sun
 14466 | D:13     | 14466 ||| Stepping ~*~*~tactically~*~*~ (stealth).
 14485 | D:13     | Killed a demonspawn black sun
 14485 | D:13     | Identified the +0 ring mail of the Soldier {Rampage Regen+
                  | Int+5 Stlth-} (Okawaru gifted it to you on level 13 of the
                  | Dungeon)
 14485 | D:13     | Received a gift from Okawaru
 14487 | D:13     | Reached skill level 3 in Dodging
 14566 | D:13     | 14566 ||| Stepping ~*~*~tactically~*~*~ (hiding).
 14584 | D:13     | Reached skill level 6 in Throwing
 14588 | D:13     | Found a frozen archway.
 14712 | D:13     | 14712 ||| INVOKING Heroism.
 14727 | D:13     | 14727 ||| INVOKING Finesse.
 14763 | D:13     | 14763 ||| Stepping ~*~*~tactically~*~*~ (hiding).
 14799 | D:13     | 14799 ||| DROPPING +0 morningstar.
 14800 | D:13     | 14800 ||| DROPPING +7 flail of the Lair of Beasts {freeze,
                  | rPois rC+ rN+}.
 14952 | D:13     | 14952 ||| Stepping ~*~*~tactically~*~*~ (hiding).
 14958 | D:13     | 14958 ||| Stepping ~*~*~tactically~*~*~ (hiding).
 14971 | D:13     | Noticed Azrael
 14972 | D:13     | 14972 ||| INVOKING Heroism.
 14973 | D:13     | 14973 ||| INVOKING Finesse.
 14975 | D:13     | 14975 ||| Stepping ~*~*~tactically~*~*~ (hiding).
 14977 | D:13     | 14977 ||| Stepping ~*~*~tactically~*~*~ (hiding).
 14987 | D:13     | Killed Azrael
 14988 | D:13     | Reached skill level 12 in Fighting
 15258 | D:13     | Found a gate to the Vaults.
 15303 | D:13     | 15303 ||| UPGRADING to amulet of faith.
 15313 | D:13     | 15313 ||| DROPPING +6 ring of strength.
 15314 | D:13     | 15314 ||| READING 3 scrolls labelled FABLAECO BUCERA.
 15362 | D:13     | 15362 ||| DROPPING 2 scrolls of torment.
 15405 | D:14     | 15405 ||| INVOKING Heroism.
 15421 | D:14     | Reached XP level 15. HP: 96/96 MP: 22/22
 15424 | D:14     | 15424 ||| Stepping ~*~*~tactically~*~*~ (hiding).
 15430 | D:14     | 15430 ||| Stepping ~*~*~tactically~*~*~ (hiding).
 15466 | D:14     | 15466 ||| Stepping ~*~*~tactically~*~*~ (hiding).
 15897 | D:14     | 15897 ||| Stepping ~*~*~tactically~*~*~ (stealth).
 15898 | D:14     | 15898 ||| Stepping ~*~*~tactically~*~*~ (stealth).
 16006 | D:14     | Identified the +7 great sword of Kitunod {speed, *Noise
                  | rPois rN+++ MP+9}
 16006 | D:14     | Noticed Josephine
 16007 | D:14     | 16007 ||| Stepping ~*~*~tactically~*~*~ (hiding).
 16016 | D:14     | Killed Josephine
 16024 | D:14     | Identified the -1 pair of boots "Cewopliq" {rN+ rCorr}
                  | (Okawaru gifted it to you on level 14 of the Dungeon)
 16024 | D:14     | Received a gift from Okawaru
 16130 | D:14     | 16130 ||| READING scroll of enchant armour.
 16130 | D:14     | 16130 ||| ENCHANTING +1 pair of gloves.
 16394 | D:14     | 16394 ||| UPGRADING to -1 pair of boots "Cewopliq" {rN+
                  | rCorr}.
 16399 | D:14     | 16399 ||| UPGRADING to +0 pair of boots.
 16466 | D:15     | Entered Level 15 of the Dungeon
 16476 | D:15     | 16476 ||| INVOKING Heroism.
 16490 | D:15     | 16490 ||| DROPPING +2 morningstar of protection.
 16496 | D:15     | 16496 ||| Stepping ~*~*~tactically~*~*~ (stealth).
 16538 | D:15     | 16538 ||| INVOKING Heroism.
 16564 | D:15     | Noticed Nessos
 16565 | D:15     | 16565 ||| INVOKING Finesse.
 16578 | D:15     | 16578 ||| Stepping ~*~*~tactically~*~*~ (hiding).
 16579 | D:15     | 16579 ||| Stepping ~*~*~tactically~*~*~ (hiding).
 16582 | D:15     | Killed Nessos
 16713 | D:15     | 16713 ||| Stepping ~*~*~tactically~*~*~ (stealth).
 16760 | D:15     | 16760 ||| Stepping ~*~*~tactically~*~*~ (stealth).
 16761 | D:15     | 16761 ||| Stepping ~*~*~tactically~*~*~ (stealth).
 16764 | D:15     | 16764 ||| Stepping ~*~*~tactically~*~*~ (stealth).
 16766 | D:15     | 16766 ||| Stepping ~*~*~tactically~*~*~ (stealth).
 16803 | D:15     | Found a glowing silver altar of Zin.
 16810 | D:15     | 16810 ||| Stepping ~*~*~tactically~*~*~ (stealth).
 16834 | D:15     | 16834 ||| Stepping ~*~*~tactically~*~*~ (hiding).
 16920 | D:15     | 16920 ||| Stepping ~*~*~tactically~*~*~ (stealth).
 16922 | D:15     | 16922 ||| Stepping ~*~*~tactically~*~*~ (hiding).
 16954 | D:15     | 16954 ||| INVOKING Heroism.
 16994 | D:15     | 16994 ||| Stepping ~*~*~tactically~*~*~ (hiding).
 16995 | D:15     | 16995 ||| Stepping ~*~*~tactically~*~*~ (hiding).
 17015 | D:15     | 17015 ||| INVOKING Heroism.
 17068 | D:15     | 17068 ||| Stepping ~*~*~tactically~*~*~ (hiding).
 17158 | D:15     | 17158 ||| Stepping ~*~*~tactically~*~*~ (stealth).
 17160 | D:15     | 17160 ||| Stepping ~*~*~tactically~*~*~ (stealth).
 17163 | D:15     | 17163 ||| Stepping ~*~*~tactically~*~*~ (hiding).
 17168 | D:15     | Received a gift from Okawaru
 17186 | D:15     | Reached skill level 13 in Fighting
 17192 | D:15     | 17192 ||| INVOKING Heroism.
 17241 | D:15     | Found a staircase to the Depths.
 17403 | D:15     | 17403 ||| INVOKING Heroism.
 17503 | D:15     | 17503 ||| Stepping ~*~*~tactically~*~*~ (stealth).
 17519 | D:15     | 17519 ||| INVOKING Heroism.
 17715 | D:15     | 17715 ||| PLANNING ORC
 17715 | D:15     | 17715 ||| READING scroll labelled ENLYXE SAMOUCE.
 17845 | Orc:1    | Entered Level 1 of the Orcish Mines
 17854 | Orc:1    | Found Quluenut's Specific Store.
 17858 | Orc:1    | Found Loamp's General Store.
 17878 | Orc:1    | 17878 ||| INVOKING Heroism.
 18009 | Orc:1    | Noticed Sonja
 18010 | Orc:1    | 18010 ||| INVOKING Finesse.
 18031 | Orc:1    | Killed Sonja
 18060 | Orc:1    | 18060 ||| Stepping ~*~*~tactically~*~*~ (hiding).
 18061 | Orc:1    | 18061 ||| Stepping ~*~*~tactically~*~*~ (hiding).
 18101 | Orc:1    | 18101 ||| Stepping ~*~*~tactically~*~*~ (hiding).
 18160 | Orc:1    | Received a gift from Okawaru
 18170 | Orc:1    | 18170 ||| Stepping ~*~*~tactically~*~*~ (hiding).
 18191 | Orc:1    | 18191 ||| Stepping ~*~*~tactically~*~*~ (hiding).
 18200 | Orc:1    | 18200 ||| Stepping ~*~*~tactically~*~*~ (hiding).
 18207 | Orc:1    | 18207 ||| Stepping ~*~*~tactically~*~*~ (hiding).
 18220 | Orc:1    | 18220 ||| INVOKING Heroism.
 18224 | Orc:1    | Reached XP level 16. HP: 104/104 MP: 20/23
 18236 | Orc:1    | 18236 ||| Stepping ~*~*~tactically~*~*~ (hiding).
 18260 | Orc:1    | 18260 ||| Stepping ~*~*~tactically~*~*~ (stealth).
 18284 | Orc:1    | 18284 ||| DROPPING +0 broad axe of flaming.
 18369 | Orc:1    | 18369 ||| Stepping ~*~*~tactically~*~*~ (hiding).
 18370 | Orc:1    | 18370 ||| Stepping ~*~*~tactically~*~*~ (hiding).
 18371 | Orc:1    | 18371 ||| Stepping ~*~*~tactically~*~*~ (hiding).
 18372 | Orc:1    | 18372 ||| Stepping ~*~*~tactically~*~*~ (hiding).
 18383 | Orc:1    | 18383 ||| Stepping ~*~*~tactically~*~*~ (stealth).
 18408 | Orc:1    | 18408 ||| Stepping ~*~*~tactically~*~*~ (hiding).
 18976 | Orc:2    | Entered Level 2 of the Orcish Mines
 18977 | Orc:2    | 18977 ||| Stepping ~*~*~tactically~*~*~ (hiding).
 19020 | Orc:2    | 19020 ||| Stepping ~*~*~tactically~*~*~ (stealth).
 19061 | Orc:2    | 19061 ||| Stepping ~*~*~tactically~*~*~ (hiding).
 19062 | Orc:2    | 19062 ||| Stepping ~*~*~tactically~*~*~ (hiding).
 19065 | Orc:2    | 19065 ||| Stepping ~*~*~tactically~*~*~ (hiding).
 19083 | Orc:2    | 19083 ||| Stepping ~*~*~tactically~*~*~ (stealth).
 19086 | Orc:2    | 19086 ||| Stepping ~*~*~tactically~*~*~ (hiding).
 19088 | Orc:2    | 19088 ||| Stepping ~*~*~tactically~*~*~ (hiding).
 19095 | Orc:2    | 19095 ||| FLEEEEING.
 19096 | Orc:2    | 19096 ||| FLEEEEING.
 19097 | Orc:2    | 19097 ||| FLEEEEING.
 19098 | Orc:2    | 19098 ||| FLEEEEING.
 19099 | Orc:2    | 19099 ||| Stepping ~*~*~tactically~*~*~ (hiding).
 19100 | Orc:2    | 19100 ||| Stepping ~*~*~tactically~*~*~ (hiding).
 19102 | Orc:2    | 19102 ||| Stepping ~*~*~tactically~*~*~ (hiding).
 19109 | Orc:2    | 19109 ||| Stepping ~*~*~tactically~*~*~ (hiding).
 19110 | Orc:2    | 19110 ||| Stepping ~*~*~tactically~*~*~ (hiding).
 19111 | Orc:2    | 19111 ||| INVOKING Heroism.
 19131 | Orc:2    | 19131 ||| Stepping ~*~*~tactically~*~*~ (stealth).
 19134 | Orc:2    | 19134 ||| Stepping ~*~*~tactically~*~*~ (hiding).
 19135 | Orc:2    | 19135 ||| INVOKING Heroism.
 19159 | Orc:2    | 19159 ||| Stepping ~*~*~tactically~*~*~ (hiding).
 19160 | Orc:2    | 19160 ||| Stepping ~*~*~tactically~*~*~ (hiding).
 19173 | Orc:2    | 19173 ||| Stepping ~*~*~tactically~*~*~ (hiding).
 19175 | Orc:2    | 19175 ||| Stepping ~*~*~tactically~*~*~ (hiding).
 19208 | Orc:2    | 19208 ||| Stepping ~*~*~tactically~*~*~ (hiding).
 19236 | Orc:2    | 19236 ||| Stepping ~*~*~tactically~*~*~ (hiding).
 19286 | Orc:2    | 19286 ||| INVOKING Heroism.
 19290 | Orc:2    | Reached skill level 14 in Fighting
 19347 | Orc:2    | 19347 ||| Stepping ~*~*~tactically~*~*~ (stealth).
 19696 | Orc:2    | Found a staircase to the Elven Halls.
 19859 | Orc:2    | Found Ced Qava's Distillery.
 19859 | Orc:2    | Found Walit's Assorted Antiques.
 19865 | Orc:2    | 19865 ||| BUYING potion of heal wounds (55 gold).
 19865 | Orc:2    | Bought a potion of heal wounds for 55 gold pieces
 19865 | Orc:2    | 19865 ||| BUYING potion of might (44 gold).
 19865 | Orc:2    | Bought a potion of might for 44 gold pieces
 19865 | Orc:2    | 19865 ||| BUYING potion of resistance (110 gold).
 19865 | Orc:2    | Bought a potion of resistance for 110 gold pieces
 19874 | Orc:2    | 19874 ||| BUYING short bone wand (120 gold).
 19874 | Orc:2    | Bought a short bone wand for 120 gold pieces
 19890 | Orc:2    | 19890 ||| Stepping ~*~*~tactically~*~*~ (hiding).
 19894 | Orc:2    | 19894 ||| INVOKING Heroism.
 19922 | Orc:2    | 19922 ||| Stepping ~*~*~tactically~*~*~ (stealth).
 19923 | Orc:2    | 19923 ||| Stepping ~*~*~tactically~*~*~ (stealth).
 19924 | Orc:2    | 19924 ||| Stepping ~*~*~tactically~*~*~ (stealth).
 19924 | Orc:2    | Found Xisigor's Weapon Emporium.
 19924 | Orc:2    | Found Lisch's Assorted Antiques.
 19929 | Orc:2    | 19929 ||| Stepping ~*~*~tactically~*~*~ (stealth).
 19930 | Orc:2    | 19930 ||| DROPPING wand of paralysis (4).
 19940 | Orc:2    | 19940 ||| BUYING potion of attraction (96 gold).
 19940 | Orc:2    | Bought a potion of attraction for 96 gold pieces
 19940 | Orc:2    | 19940 ||| BUYING potion of curing (96 gold).
 19940 | Orc:2    | Bought a potion of curing for 96 gold pieces
 19940 | Orc:2    | 19940 ||| BUYING potion of resistance (320 gold).
 19940 | Orc:2    | Bought a potion of resistance for 320 gold pieces
 19940 | Orc:2    | 19940 ||| BUYING scroll of brand weapon (304 gold).
 19940 | Orc:2    | Bought a scroll of brand weapon for 304 gold pieces
 20042 | Orc:2    | 20042 ||| PLANNING SPIDER:1-3
 20195 | Spider:1 | Entered Level 1 of the Spider Nest
 20198 | Spider:1 | Noticed Rupert
 20199 | Spider:1 | 20199 ||| INVOKING Heroism.
 20210 | Spider:1 | 20210 ||| INVOKING Finesse.
 20224 | Spider:1 | Killed Rupert
 20224 | Spider:1 | Received a gift from Okawaru
 20239 | Spider:1 | Noticed Jorgrun
 20257 | Spider:1 | Killed Jorgrun
 20263 | Spider:1 | Received a gift from Okawaru
 20507 | Spider:1 | 20507 ||| READING scroll of enchant armour.
 20507 | Spider:1 | 20507 ||| ENCHANTING +0 helmet.
 20755 | Spider:1 | 20755 ||| READING 16 scrolls of identify.
 20755 | Spider:1 | 20755 ||| IDENTIFYING smoky purple potion
 20756 | Spider:1 | 20756 ||| DROPPING potion of invisibility.
 20848 | Spider:2 | Reached skill level 12 in Armour
 20860 | Spider:2 | 20860 ||| INVOKING Finesse.
 20919 | Spider:2 | Received a gift from Okawaru
 20964 | Spider:2 | 20964 ||| INVOKING Heroism.
 21068 | Spider:2 | 21068 ||| FLEEEEING.
 21069 | Spider:2 | 21069 ||| FLEEEEING.
 21070 | Spider:2 | 21070 ||| STAIRDANCE
 21178 | Spider:2 | 21178 ||| STAIRDANCE
 21272 | Spider:2 | 21272 ||| Stepping ~*~*~tactically~*~*~ (stealth).
 21927 | Spider:2 | Identified the +7 arbalest "Dragon's Tongue" {flame, rC+
                  | Str+4 SInv}
 21970 | Spider:3 | 21970 ||| INVOKING Finesse.
 21971 | Spider:3 | 21971 ||| INVOKING Heroism.
 21989 | Spider:3 | 21989 ||| INVOKING Finesse.
 21997 | Spider:3 | Received a gift from Okawaru
 22048 | Spider:3 | Received a gift from Okawaru
 22052 | Spider:3 | Reached skill level 15 in Fighting
 22069 | Spider:3 | 22069 ||| INVOKING Heroism.
 22078 | Spider:3 | Reached XP level 17. HP: 113/113 MP: 0/24
 22083 | Spider:3 | Received a gift from Okawaru
 22191 | Spider:3 | Noticed Asterion
 22192 | Spider:3 | 22192 ||| INVOKING Heroism.
 22193 | Spider:3 | 22193 ||| INVOKING Finesse.
 22207 | Spider:3 | Killed Asterion
 22337 | Spider:3 | 22337 ||| Stepping ~*~*~tactically~*~*~ (stealth).
 22339 | Spider:3 | 22339 ||| Stepping ~*~*~tactically~*~*~ (stealth).
 22449 | Spider:3 | 22449 ||| Stepping ~*~*~tactically~*~*~ (stealth).
 22451 | Spider:3 | 22451 ||| Stepping ~*~*~tactically~*~*~ (stealth).
 22487 | Spider:3 | Received a gift from Okawaru
 22520 | Spider:3 | 22520 ||| SWAPPING to +1 broad axe of flaming.
 22523 | Spider:3 | 22523 ||| INVOKING Heroism.
 22525 | Spider:3 | 22525 ||| SWAPPING to +7 vampiric war axe.
 22529 | Spider:3 | 22529 ||| Stepping ~*~*~tactically~*~*~ (cloud).
 23021 | Spider:3 | 23021 ||| PLANNING SHOALS:1-3
 23090 | Shoals:1 | Entered Level 1 of the Shoals
 23125 | Shoals:1 | Received a gift from Okawaru
 23133 | Shoals:1 | 23133 ||| INVOKING Heroism.
 23172 | Shoals:1 | Reached skill level 15 in Shields
 23201 | Shoals:1 | Found Iffaiqov's Jewellery Shop.
 23232 | Shoals:1 | 23232 ||| Stepping ~*~*~tactically~*~*~ (stealth).
 23235 | Shoals:1 | 23235 ||| Stepping ~*~*~tactically~*~*~ (stealth).
 23244 | Shoals:1 | Received a gift from Okawaru
 23561 | Shoals:1 | 23561 ||| READING scroll of enchant armour.
 23561 | Shoals:1 | 23561 ||| ENCHANTING +1 helmet.
 23679 | Shoals:1 | 23679 ||| READING scroll of enchant armour.
 23679 | Shoals:1 | 23679 ||| ENCHANTING +0 pair of boots.
 23807 | Shoals:2 | 23807 ||| INVOKING Heroism.
 24201 | Shoals:2 | 24201 ||| Stepping ~*~*~tactically~*~*~ (hiding).
 24519 | Shoals:3 | 24519 ||| INVOKING Heroism.
 24524 | Shoals:3 | Noticed Polyphemus
 24525 | Shoals:3 | 24525 ||| INVOKING Finesse.
 24555 | Shoals:3 | Killed Polyphemus
 24560 | Shoals:3 | Reached skill level 16 in Fighting
 24560 | Shoals:3 | Received a gift from Okawaru
 24670 | Shoals:3 | Received a gift from Okawaru
 24983 | Shoals:3 | Identified the +0 ring mail of Dearoq {*Slow rC+ Int+6
                  | Dex-4}
 25281 | Shoals:3 | 25281 ||| PLANNING SPIDER:4
 25281 | Shoals:3 | 25281 ||| UPGRADING to +2 pair of boots of flying.
 25291 | Shoals:3 | 25291 ||| DROPPING +1 pair of boots.
 25292 | Shoals:3 | 25292 ||| READING 19 scrolls of identify.
 25292 | Shoals:3 | 25292 ||| IDENTIFYING purple potion
 25418 | Spider:4 | Entered Level 4 of the Spider Nest
 25455 | Spider:4 | 25455 ||| Stepping ~*~*~tactically~*~*~ (stealth).
 25470 | Spider:4 | 25470 ||| Stepping ~*~*~tactically~*~*~ (hiding).
 25471 | Spider:4 | 25471 ||| Stepping ~*~*~tactically~*~*~ (hiding).
 25578 | Spider:4 | 25578 ||| INVOKING Finesse.
 25588 | Spider:4 | Reached skill level 9 in Throwing
 25754 | Spider:4 | 25754 ||| Stepping ~*~*~tactically~*~*~ (hiding).
 25756 | Spider:4 | 25756 ||| Stepping randomly (disturbance).
 25779 | Spider:4 | 25779 ||| Stepping randomly (disturbance).
 25780 | Spider:4 | 25780 ||| Stepping randomly (disturbance).
 25781 | Spider:4 | 25781 ||| Stepping randomly (disturbance).
 25837 | Spider:4 | 25837 ||| INVOKING Heroism.
 25846 | Spider:4 | 25846 ||| Stepping ~*~*~tactically~*~*~ (hiding).
 25870 | Spider:4 | Reached XP level 18. HP: 122/122 MP: 5/25
 25889 | Spider:4 | Received a gift from Okawaru
 25893 | Spider:4 | Reached skill level 17 in Fighting
 25930 | Spider:4 | 25930 ||| Stepping ~*~*~tactically~*~*~ (stealth).
 26131 | Spider:4 | 26131 ||| DRINKING 10 potions of curing.
 26131 | Spider:4 | 26131 ||| (to cure confusion)
 26344 | Spider:4 | Got a gossamer rune of Zot
 26567 | Spider:4 | 26567 ||| PLANNING VAULTS:1-4
 26567 | Spider:4 | 26567 ||| DROPPING +1 pair of gloves of hurling.
 26811 | Vaults:1 | Entered Level 1 of the Vaults
 26831 | Vaults:1 | 26831 ||| INVOKING Heroism.
 26876 | Vaults:1 | 26876 ||| Stepping ~*~*~tactically~*~*~ (hiding).
 26878 | Vaults:1 | Received a gift from Okawaru
 26908 | Vaults:1 | Identified the +4 cloak "Quex" {Str+2 SInv} (Okawaru gifted
                  | it to you on level 1 of the Vaults)
 26908 | Vaults:1 | Received a gift from Okawaru
 26943 | Vaults:1 | Noticed Zenata
 26943 | Vaults:1 | 26943 ||| INVOKING Heroism.
 26944 | Vaults:1 | 26944 ||| INVOKING Finesse.
 26970 | Vaults:1 | Reached skill level 15 in Armour
 26989 | Vaults:1 | Killed Zenata
 27154 | Vaults:1 | 27154 ||| Stepping ~*~*~tactically~*~*~ (stealth).
 27155 | Vaults:1 | 27155 ||| Stepping ~*~*~tactically~*~*~ (stealth).
 27156 | Vaults:1 | 27156 ||| Stepping ~*~*~tactically~*~*~ (stealth).
 27158 | Vaults:1 | 27158 ||| Stepping ~*~*~tactically~*~*~ (hiding).
 27170 | Vaults:1 | 27170 ||| Stepping ~*~*~tactically~*~*~ (hiding).
 27171 | Vaults:1 | 27171 ||| Stepping ~*~*~tactically~*~*~ (hiding).
 27179 | Vaults:1 | 27179 ||| Stepping ~*~*~tactically~*~*~ (hiding).
 27327 | Vaults:1 | Found Ucasm's Antique Weapon Emporium.
 27851 | Vaults:1 | 27851 ||| Stepping ~*~*~tactically~*~*~ (hiding).
 27969 | Vaults:1 | 27969 ||| READING scroll of enchant weapon.
 27969 | Vaults:1 | 27969 ||| ENCHANTING +7 vampiric war axe.
 27974 | Vaults:1 | Noticed a titan
 27975 | Vaults:1 | Found a runed translucent gate.
 27975 | Vaults:1 | Found a runed translucent gate.
 27975 | Vaults:1 | Noticed a deep elf master archer
 27976 | Vaults:1 | Found a runed translucent gate.
 27976 | Vaults:1 | Identified the +0 robe of Conscience {Rampage}
 27977 | Vaults:1 | Noticed qw's ghost (adept GrFi)
 28267 | Vaults:1 | Found an iron altar of Okawaru.
 28269 | Vaults:1 | 28269 ||| UPGRADING to +4 cloak "Quex" {Str+2 SInv}.
 28279 | Vaults:1 | 28279 ||| DROPPING +2 cloak of preservation.
 28335 | Vaults:2 | Identified the +0 chain mail of Dethonk {rPois Str-4 Int+6}
                  | (Okawaru gifted it to you on level 2 of the Vaults)
 28335 | Vaults:2 | Received a gift from Okawaru
 28475 | Vaults:2 | 28475 ||| Stepping ~*~*~tactically~*~*~ (stealth).
 28504 | Vaults:2 | Reached skill level 18 in Fighting
 28526 | Vaults:2 | 28526 ||| INVOKING Heroism.
 28527 | Vaults:2 | 28527 ||| INVOKING Finesse.
 28541 | Vaults:2 | Reached XP level 19. HP: 130/130 MP: 18/26
 28566 | Vaults:2 | 28566 ||| INVOKING Heroism.
 28568 | Vaults:2 | 28568 ||| INVOKING Finesse.
 28651 | Vaults:2 | 28651 ||| INVOKING Heroism.
 28652 | Vaults:2 | 28652 ||| INVOKING Finesse.
 28699 | Vaults:2 | 28699 ||| INVOKING Heroism.
 28701 | Vaults:2 | Received a gift from Okawaru
 28715 | Vaults:2 | Reached skill level 19 in Fighting
 28779 | Vaults:2 | 28779 ||| FLEEEEING.
 28780 | Vaults:2 | 28780 ||| FLEEEEING.
 28781 | Vaults:2 | 28781 ||| FLEEEEING.
 28782 | Vaults:2 | 28782 ||| FLEEEEING.
 28783 | Vaults:2 | 28783 ||| FLEEEEING.
 28788 | Vaults:2 | Received a gift from Okawaru
 29152 | Vaults:2 | 29152 ||| Stepping ~*~*~tactically~*~*~ (stealth).
 29304 | Vaults:2 | Found a staircase to the Crypt.
 29952 | Vaults:2 | 29952 ||| DROPPING +0 chain mail of Dethonk {rPois Str-4
                  | Int+6}.
 30016 | Vaults:3 | 30016 ||| STAIRDANCE
 30149 | Vaults:3 | 30149 ||| INVOKING Heroism.
 30252 | Vaults:3 | 30252 ||| INVOKING Heroism.
 30275 | Vaults:3 | Received a gift from Okawaru
 30337 | Vaults:3 | 30337 ||| Stepping ~*~*~tactically~*~*~ (hiding).
 30340 | Vaults:3 | 30340 ||| Stepping ~*~*~tactically~*~*~ (hiding).
 30341 | Vaults:3 | 30341 ||| INVOKING Heroism.
 30342 | Vaults:3 | 30342 ||| INVOKING Finesse.
 30359 | Vaults:3 | Identified the +0 plate armour of Rationality {Regen+
                  | Stlth+} (Okawaru gifted it to you on level 3 of the Vaults)
 30359 | Vaults:3 | Received a gift from Okawaru
 30360 | Vaults:3 | 30360 ||| Stepping ~*~*~tactically~*~*~ (hiding).
 30395 | Vaults:3 | Reached skill level 6 in Dodging
 30482 | Vaults:3 | Found the +3 salamander hide armour {Flames, rFlCloud rF++
                  | rC--}
 30548 | Vaults:3 | 30548 ||| Stepping ~*~*~tactically~*~*~ (stealth).
 30587 | Vaults:3 | 30587 ||| Stepping ~*~*~tactically~*~*~ (stealth).
 30588 | Vaults:3 | 30588 ||| Stepping ~*~*~tactically~*~*~ (stealth).
 30648 | Vaults:3 | 30648 ||| Stepping ~*~*~tactically~*~*~ (hiding).
 30650 | Vaults:3 | 30650 ||| Stepping ~*~*~tactically~*~*~ (hiding).
 30652 | Vaults:3 | 30652 ||| Stepping ~*~*~tactically~*~*~ (hiding).
 30674 | Vaults:3 | 30674 ||| Stepping ~*~*~tactically~*~*~ (stealth).
 30676 | Vaults:3 | 30676 ||| FLEEEEING.
 30678 | Vaults:3 | 30678 ||| STAIRDANCE
 30780 | Vaults:2 | 30780 ||| DROPPING +0 plate armour.
 30781 | Vaults:2 | 30781 ||| UPGRADING to +0 plate armour of Rationality
                  | {Regen+ Stlth+}.
 30793 | Vaults:3 | 30793 ||| STAIRDANCE
 30806 | Vaults:3 | 30806 ||| INVOKING Heroism.
 30807 | Vaults:3 | 30807 ||| INVOKING Finesse.
 30821 | Vaults:3 | Received a gift from Okawaru
 30826 | Vaults:3 | Reached XP level 20. HP: 139/139 MP: 21/27
 30835 | Vaults:3 | 30835 ||| Stepping ~*~*~tactically~*~*~ (stealth).
 30840 | Vaults:3 | 30840 ||| Stepping ~*~*~tactically~*~*~ (stealth).
 30841 | Vaults:3 | 30841 ||| Stepping ~*~*~tactically~*~*~ (stealth).
 30842 | Vaults:3 | 30842 ||| Stepping ~*~*~tactically~*~*~ (stealth).
 30852 | Vaults:3 | 30852 ||| Stepping ~*~*~tactically~*~*~ (stealth).
 30853 | Vaults:3 | 30853 ||| Stepping ~*~*~tactically~*~*~ (hiding).
 30879 | Vaults:3 | 30879 ||| Stepping ~*~*~tactically~*~*~ (hiding).
 30893 | Vaults:3 | 30893 ||| DROPPING +1 broad axe of flaming.
 30916 | Vaults:3 | Received a gift from Okawaru
 30918 | Vaults:3 | 30918 ||| DROPPING +2 heavy broad axe.
 31004 | Vaults:3 | 31004 ||| Stepping ~*~*~tactically~*~*~ (hiding).
 31780 | Vaults:4 | 31780 ||| Stepping ~*~*~tactically~*~*~ (stealth).
 31810 | Vaults:4 | 31810 ||| Stepping ~*~*~tactically~*~*~ (hiding).
 31823 | Vaults:4 | 31823 ||| Stepping ~*~*~tactically~*~*~ (stealth).
 31824 | Vaults:4 | 31824 ||| Stepping ~*~*~tactically~*~*~ (stealth).
 31825 | Vaults:4 | 31825 ||| Stepping ~*~*~tactically~*~*~ (stealth).
 31869 | Vaults:4 | Found a transporter.
 31869 | Vaults:4 | Noticed TPoD's ghost (adept HOMo)
 31873 | Vaults:4 | Noticed qw's ghost (adept GrFi)
 31873 | Vaults:4 | Noticed Vatovie's ghost (veteran MiFi)
 31894 | Vaults:4 | Found a transporter.
 31895 | Vaults:4 | Noticed a dread lich
 31955 | Vaults:4 | Identified the +7 chain mail "Reqic" {Rampage Str+2 Dex-2}
                  | (Okawaru gifted it to you on level 4 of the Vaults)
 31955 | Vaults:4 | Received a gift from Okawaru
 31956 | Vaults:4 | Reached skill level 18 in Armour
 31966 | Vaults:4 | Noticed Frederick
 31967 | Vaults:4 | 31967 ||| INVOKING Heroism.
 31968 | Vaults:4 | 31968 ||| INVOKING Finesse.
 31988 | Vaults:4 | Killed Frederick
 32042 | Vaults:4 | 32042 ||| Stepping ~*~*~tactically~*~*~ (hiding).
 32264 | Vaults:4 | 32264 ||| Stepping ~*~*~tactically~*~*~ (stealth).
 32266 | Vaults:4 | 32266 ||| Stepping ~*~*~tactically~*~*~ (stealth).
 32280 | Vaults:4 | 32280 ||| INVOKING Heroism.
 32284 | Vaults:4 | 32284 ||| Stepping ~*~*~tactically~*~*~ (hiding).
 32512 | Vaults:4 | 32512 ||| Stepping ~*~*~tactically~*~*~ (stealth).
 32555 | Vaults:4 | Found Yrunteag's Antique Armour Boutique.
 32630 | Vaults:4 | 32630 ||| Stepping ~*~*~tactically~*~*~ (hiding).
 32631 | Vaults:4 | 32631 ||| Stepping ~*~*~tactically~*~*~ (hiding).
 32632 | Vaults:4 | 32632 ||| Stepping ~*~*~tactically~*~*~ (hiding).
 32635 | Vaults:4 | 32635 ||| DRINKING 12 potions of curing.
 32635 | Vaults:4 | 32635 ||| (to cure confusion)
 32648 | Vaults:4 | 32648 ||| Stepping ~*~*~tactically~*~*~ (hiding).
 32652 | Vaults:4 | 32652 ||| Stepping ~*~*~tactically~*~*~ (hiding).
 32668 | Vaults:4 | Received a gift from Okawaru
 32844 | Vaults:4 | 32844 ||| DROPPING +2 chain mail of cold resistance.
 32896 | Vaults:4 | Reached skill level 20 in Fighting
 33093 | Vaults:4 | 33093 ||| PLANNING SHOALS:4
 33093 | Vaults:4 | 33093 ||| READING scroll labelled EDYEF AKKOIC.
 33354 | Lair:1   | 33354 ||| Stepping ~*~*~tactically~*~*~ (stealth).
 33449 | Shoals:4 | Entered Level 4 of the Shoals
 33458 | Shoals:4 | 33458 ||| STAIRDANCE
 33467 | Shoals:3 | Received a gift from Okawaru
 33497 | Shoals:4 | 33497 ||| INVOKING Heroism.
 33498 | Shoals:4 | 33498 ||| INVOKING Finesse.
 33505 | Shoals:4 | Identified the +0 cloak of the Equator {rPois rN+ rCorr
                  | Slay-3} (Okawaru gifted it to you on level 4 of the Shoals)
 33505 | Shoals:4 | Received a gift from Okawaru
 33534 | Shoals:4 | Reached XP level 21. HP: 146/146 MP: 23/28
 33567 | Shoals:4 | 33567 ||| DRINKING 12 potions of curing.
 33567 | Shoals:4 | 33567 ||| (to cure confusion)
 33700 | Shoals:4 | 33700 ||| Stepping ~*~*~tactically~*~*~ (hiding).
 33701 | Shoals:4 | 33701 ||| Stepping ~*~*~tactically~*~*~ (hiding).
 33740 | Shoals:4 | 33740 ||| Stepping ~*~*~tactically~*~*~ (hiding).
 33744 | Shoals:4 | 33744 ||| Stepping ~*~*~tactically~*~*~ (hiding).
 33745 | Shoals:4 | 33745 ||| Stepping ~*~*~tactically~*~*~ (hiding).
 33746 | Shoals:4 | 33746 ||| Stepping ~*~*~tactically~*~*~ (hiding).
 33821 | Shoals:4 | 33821 ||| Stepping ~*~*~tactically~*~*~ (hiding).
 33897 | Shoals:4 | Identified the amulet "Hemiv" {Spirit *Slow rN++ Dex+3
                  | Stlth+}
 33901 | Shoals:4 | Got a barnacled rune of Zot
 34262 | Shoals:4 | 34262 ||| PLANNING DEPTHS
 34262 | Shoals:4 | 34262 ||| DROPPING amulet "Hemiv" {Spirit *Slow rN++ Dex+3
                  | Stlth+}.
 34263 | Shoals:4 | 34263 ||| DROPPING +4 ring of slaying {mikee}.
 34264 | Shoals:4 | 34264 ||| DROPPING ring of magical power.
 34265 | Shoals:4 | 34265 ||| READING scroll labelled SIALAINEOSM.
 34675 | Depths:1 | Entered Level 1 of the Depths
 34676 | Depths:1 | 34676 ||| INVOKING Heroism.
 34737 | Depths:1 | 34737 ||| Stepping ~*~*~tactically~*~*~ (stealth).
 34739 | Depths:1 | 34739 ||| Stepping ~*~*~tactically~*~*~ (stealth).
 34740 | Depths:1 | 34740 ||| Stepping ~*~*~tactically~*~*~ (stealth).
 34744 | Depths:1 | 34744 ||| Stepping ~*~*~tactically~*~*~ (stealth).
 34746 | Depths:1 | 34746 ||| Stepping ~*~*~tactically~*~*~ (stealth).
 34820 | Depths:1 | 34820 ||| Stepping ~*~*~tactically~*~*~ (hiding).
 34821 | Depths:1 | 34821 ||| Stepping ~*~*~tactically~*~*~ (hiding).
 34823 | Depths:1 | 34823 ||| Stepping ~*~*~tactically~*~*~ (hiding).
 34851 | Depths:1 | 34851 ||| Stepping ~*~*~tactically~*~*~ (hiding).
 34852 | Depths:1 | 34852 ||| Stepping ~*~*~tactically~*~*~ (hiding).
 34855 | Depths:1 | 34855 ||| Stepping ~*~*~tactically~*~*~ (hiding).
 34890 | Depths:1 | Identified the +10 hand axe of Ymoulo {holy, rN+} (Okawaru
                  | gifted it to you on level 1 of the Depths)
 34890 | Depths:1 | Received a gift from Okawaru
 34963 | Depths:1 | Noticed Louise
 34964 | Depths:1 | 34964 ||| Stepping ~*~*~tactically~*~*~ (stealth).
 34967 | Depths:1 | 34967 ||| Stepping ~*~*~tactically~*~*~ (hiding).
 34967 | Depths:1 | Found a one-way gate to the infinite horrors of the Abyss.
 34968 | Depths:1 | 34968 ||| Stepping ~*~*~tactically~*~*~ (hiding).
 35001 | Depths:1 | Killed Louise
 35034 | Depths:1 | 35034 ||| Stepping ~*~*~tactically~*~*~ (stealth).
 35061 | Depths:1 | Reached skill level 21 in Fighting
 35080 | Depths:1 | 35080 ||| Stepping ~*~*~tactically~*~*~ (hiding).
 35095 | Depths:1 | Reached skill level 18 in Shields
 35134 | Depths:1 | Found a runed translucent door.
 35136 | Depths:1 | Noticed a caustic shrike
 35182 | Depths:1 | Identified the +8 long sword of Imbalance {drain, Drain Fly
                  | Dex+6 SInv}
 35208 | Depths:1 | Found a glowing silver altar of Zin.
 35270 | Depths:1 | Found Moulat's Jewellery Shop.
 35271 | Depths:1 | Found Xihojit's Book Shoppe.
 35271 | Depths:1 | Found Xoyhoh's Book Shoppe.
 35332 | Depths:1 | 35332 ||| Stepping ~*~*~tactically~*~*~ (hiding).
 35338 | Depths:1 | 35338 ||| INVOKING Heroism.
 35339 | Depths:1 | 35339 ||| INVOKING Finesse.
 35351 | Depths:1 | 35351 ||| Stepping ~*~*~tactically~*~*~ (stealth).
 35522 | Depths:1 | Identified the +0 war axe of Jucail Faycs {freeze, Fragile
                  | rPois Str+2 Stlth+}
 35542 | Depths:1 | Found a gateway to Hell.
 35757 | Depths:2 | 35757 ||| INVOKING Heroism.
 35758 | Depths:2 | 35758 ||| INVOKING Finesse.
 35850 | Depths:2 | Noticed Mara
 35851 | Depths:2 | 35851 ||| Stepping ~*~*~tactically~*~*~ (hiding).
 35857 | Depths:2 | 35857 ||| INVOKING Heroism.
 35858 | Depths:2 | 35858 ||| INVOKING Finesse.
 35868 | Depths:2 | Noticed qw's illusion
 35882 | Depths:2 | Reached skill level 12 in Throwing
 35912 | Depths:2 | Killed Mara
 35925 | Depths:2 | 35925 ||| Stepping ~*~*~tactically~*~*~ (hiding).
 35927 | Depths:2 | 35927 ||| Stepping ~*~*~tactically~*~*~ (hiding).
 36033 | Depths:2 | 36033 ||| Stepping ~*~*~tactically~*~*~ (stealth).
 36035 | Depths:2 | 36035 ||| Stepping ~*~*~tactically~*~*~ (hiding).
 36115 | Depths:2 | 36115 ||| INVOKING Heroism.
 36116 | Depths:2 | 36116 ||| INVOKING Finesse.
 36164 | Depths:2 | Found a sparkling altar of Nemelex Xobeh.
 36173 | Depths:2 | 36173 ||| Stepping ~*~*~tactically~*~*~ (stealth).
 36198 | Depths:2 | Received a gift from Okawaru
 36226 | Depths:2 | Found a one-way gateway to a ziggurat.
 36317 | Depths:2 | Found a one-way gate leading to the halls of Pandemonium.
 36738 | Depths:3 | Found a shimmering altar of Xom.
 36739 | Depths:3 | 36739 ||| INVOKING Heroism.
 36740 | Depths:3 | 36740 ||| INVOKING Finesse.
 36746 | Depths:3 | Received a gift from Okawaru
 36761 | Depths:3 | Reached XP level 22. HP: 155/155 MP: 23/29
 36787 | Depths:3 | Received a gift from Okawaru
 36788 | Depths:3 | Reached skill level 21 in Armour
 36804 | Depths:3 | Received a gift from Okawaru
 36826 | Depths:3 | Noticed Xtahua
 36827 | Depths:3 | 36827 ||| DRINKING 6 potions of resistance.
 36850 | Depths:3 | Killed Xtahua
 36856 | Depths:3 | 36856 ||| INVOKING Heroism.
 36860 | Depths:3 | 36860 ||| INVOKING Finesse.
 36863 | Depths:3 | Identified the +2 plate armour of Honesty {rC+} (Okawaru
                  | gifted it to you on level 3 of the Depths)
 36863 | Depths:3 | Received a gift from Okawaru
 36869 | Depths:3 | Reached skill level 22 in Fighting
 36979 | Depths:3 | 36979 ||| Stepping ~*~*~tactically~*~*~ (hiding).
 36990 | Depths:3 | 36990 ||| Stepping ~*~*~tactically~*~*~ (hiding).
 36996 | Depths:3 | 36996 ||| INVOKING Heroism.
 37040 | Depths:3 | 37040 ||| INVOKING Heroism.
 37098 | Depths:3 | 37098 ||| INVOKING Heroism.
 37185 | Depths:3 | 37185 ||| INVOKING Heroism.
 37218 | Depths:3 | 37218 ||| Stepping ~*~*~tactically~*~*~ (stealth).
 37222 | Depths:3 | 37222 ||| Stepping ~*~*~tactically~*~*~ (hiding).
 37232 | Depths:3 | 37232 ||| Stepping ~*~*~tactically~*~*~ (hiding).
 37305 | Depths:3 | Identified the +12 short sword of Circularity {heavy,
                  | Dex+4}
 37306 | Depths:3 | Identified the +5 halberd of Undoing {drain, Contam Dex+3
                  | Stlth+}
 37450 | Depths:3 | 37450 ||| DROPPING +3 chain mail of cold resistance.
 37451 | Depths:3 | 37451 ||| DROPPING +0 ice dragon scales.
 37452 | Depths:3 | 37452 ||| UPGRADING to +2 plate armour of Honesty {rC+}.
 37480 | Depths:4 | Entered Level 4 of the Depths
 37522 | Depths:4 | 37522 ||| Stepping ~*~*~tactically~*~*~ (hiding).
 37548 | Depths:4 | 37548 ||| INVOKING Finesse.
 37554 | Depths:4 | 37554 ||| Stepping ~*~*~tactically~*~*~ (stealth).
 37604 | Depths:4 | 37604 ||| Stepping ~*~*~tactically~*~*~ (hiding).
 37605 | Depths:4 | 37605 ||| Stepping ~*~*~tactically~*~*~ (hiding).
 37630 | Depths:4 | 37630 ||| Stepping ~*~*~tactically~*~*~ (hiding).
 37632 | Depths:4 | 37632 ||| Stepping ~*~*~tactically~*~*~ (hiding).
 37633 | Depths:4 | 37633 ||| Stepping ~*~*~tactically~*~*~ (hiding).
 37758 | Depths:4 | 37758 ||| Stepping ~*~*~tactically~*~*~ (stealth).
 37770 | Depths:4 | 37770 ||| INVOKING Heroism.
 37780 | Depths:4 | 37780 ||| Stepping ~*~*~tactically~*~*~ (stealth).
 37782 | Depths:4 | 37782 ||| Stepping ~*~*~tactically~*~*~ (hiding).
 37806 | Depths:4 | 37806 ||| Stepping ~*~*~tactically~*~*~ (hiding).
 37815 | Depths:4 | 37815 ||| INVOKING Heroism.
 37828 | Depths:4 | 37828 ||| Stepping ~*~*~tactically~*~*~ (hiding).
 37837 | Depths:4 | 37837 ||| Stepping ~*~*~tactically~*~*~ (cloud).
 37838 | Depths:4 | 37838 ||| Stepping ~*~*~tactically~*~*~ (hiding).
 37840 | Depths:4 | 37840 ||| Stepping ~*~*~tactically~*~*~ (cloud).
 37844 | Depths:4 | 37844 ||| Stepping ~*~*~tactically~*~*~ (hiding).
 37894 | Depths:4 | 37894 ||| Stepping ~*~*~tactically~*~*~ (stealth).
 37914 | Depths:4 | 37914 ||| INVOKING Heroism.
 37932 | Depths:4 | Received a gift from Okawaru
 37957 | Depths:4 | 37957 ||| Stepping ~*~*~tactically~*~*~ (hiding).
 37958 | Depths:4 | 37958 ||| Stepping ~*~*~tactically~*~*~ (hiding).
 37960 | Depths:4 | 37960 ||| Stepping ~*~*~tactically~*~*~ (hiding).
 37961 | Depths:4 | 37961 ||| Stepping ~*~*~tactically~*~*~ (hiding).
 37962 | Depths:4 | 37962 ||| Stepping ~*~*~tactically~*~*~ (hiding).
 37963 | Depths:4 | 37963 ||| Stepping ~*~*~tactically~*~*~ (hiding).
 37964 | Depths:4 | 37964 ||| Stepping ~*~*~tactically~*~*~ (hiding).
 37991 | Depths:4 | 37991 ||| Stepping ~*~*~tactically~*~*~ (stealth).
 38002 | Depths:4 | 38002 ||| Stepping ~*~*~tactically~*~*~ (cloud).
 38003 | Depths:4 | 38003 ||| INVOKING Heroism.
 38116 | Depths:4 | Found a gate to the Realm of Zot.
 38159 | Depths:4 | 38159 ||| Stepping ~*~*~tactically~*~*~ (stealth).
 38161 | Depths:4 | 38161 ||| Stepping ~*~*~tactically~*~*~ (hiding).
 38240 | Depths:4 | 38240 ||| Stepping ~*~*~tactically~*~*~ (stealth).
 38328 | Depths:4 | 38328 ||| Stepping ~*~*~tactically~*~*~ (hiding).
 38345 | Depths:4 | 38345 ||| INVOKING Heroism.
 38346 | Depths:4 | 38346 ||| INVOKING Finesse.
 38360 | Depths:4 | Reached XP level 23. HP: 162/162 MP: 23/30
 38368 | Depths:4 | Received a gift from Okawaru
 38629 | Depths:4 | Received a gift from Okawaru
 38752 | Depths:4 | Found a corrupted altar of Lugonu.
 38871 | Depths:4 | Found a sacrificial altar of Ru.
 38874 | Depths:4 | 38874 ||| PLANNING VAULTS:5
 39199 | Vaults:5 | Entered Level 5 of the Vaults
 39200 | Vaults:5 | 39200 ||| INVOKING Heroism.
 39201 | Vaults:5 | 39201 ||| INVOKING Finesse.
 39207 | Abyss:3  | Found a corrupted altar of Lugonu.
 39207 | Abyss:3  | Cast into level 3 of the Abyss (vault guard)
 39256 | Abyss:3  | Received a gift from Okawaru
 39264 | Abyss:3  | 39264 ||| Stepping ~*~*~tactically~*~*~ (stealth).
 39265 | Abyss:3  | 39265 ||| Stepping ~*~*~tactically~*~*~ (stealth).
 39267 | Abyss:3  | 39267 ||| Stepping ~*~*~tactically~*~*~ (stealth).
 39269 | Abyss:3  | 39269 ||| Stepping ~*~*~tactically~*~*~ (hiding).
 39272 | Abyss:3  | 39272 ||| INVOKING Heroism.
 39273 | Abyss:3  | 39273 ||| INVOKING Finesse.
 39282 | Abyss:3  | 39282 ||| Stepping ~*~*~tactically~*~*~ (stealth).
 39283 | Abyss:3  | 39283 ||| Stepping ~*~*~tactically~*~*~ (stealth).
 39285 | Abyss:3  | 39285 ||| Stepping ~*~*~tactically~*~*~ (stealth).
 39287 | Abyss:3  | 39287 ||| Stepping ~*~*~tactically~*~*~ (stealth).
 39290 | Abyss:3  | 39290 ||| Stepping ~*~*~tactically~*~*~ (stealth).
 39291 | Abyss:3  | 39291 ||| Stepping ~*~*~tactically~*~*~ (stealth).
 39292 | Abyss:3  | 39292 ||| Stepping ~*~*~tactically~*~*~ (stealth).
 39329 | Abyss:3  | 39329 ||| Stepping ~*~*~tactically~*~*~ (stealth).
 39391 | Abyss:3  | 39391 ||| Stepping ~*~*~tactically~*~*~ (cloud).
 39403 | Abyss:3  | 39403 ||| INVOKING Heroism.
 39405 | Abyss:3  | HP: 41/164 [balrug/+0 demon whip of flaming (1)]
 39406 | Abyss:3  | 39406 ||| DRINKING 8 potions of heal wounds.
 39408 | Abyss:3  | 39408 ||| DRINKING 7 potions of heal wounds.
 39429 | Abyss:3  | 39429 ||| Stepping ~*~*~tactically~*~*~ (stealth).
 39505 | Abyss:3  | 39505 ||| INVOKING Heroism.
 39534 | Vaults:5 | Escaped the Abyss
 39535 | Vaults:5 | 39535 ||| STAIRDANCE
 39537 | Vaults:4 | 39537 ||| INVOKING Heroism.
 39551 | Vaults:4 | Reached skill level 23 in Fighting
 39576 | Vaults:5 | 39576 ||| INVOKING Finesse.
 39602 | Vaults:5 | Received a gift from Okawaru
 39626 | Vaults:5 | Received a gift from Okawaru
 39629 | Vaults:5 | 39629 ||| INVOKING Heroism.
 39633 | Vaults:5 | Noticed a golden dragon
 39642 | Vaults:5 | Received a gift from Okawaru
 39656 | Vaults:5 | Reached skill level 24 in Fighting
 39665 | Vaults:5 | Received a gift from Okawaru
 39679 | Vaults:5 | Killed a golden dragon
 39688 | Vaults:5 | Reached XP level 24. HP: 174/174 MP: 30/30
 39697 | Vaults:5 | Paralysed by a sphinx for 3 turns
 39705 | Vaults:5 | 39705 ||| INVOKING Heroism.
 39707 | Vaults:5 | Paralysed by a sphinx for 5 turns
 39712 | Vaults:5 | HP: 38/174 [tentacled monstrosity (8)]
 39712 | Vaults:5 | HP: 13/174 [cyan very ugly thing (6)]
 39713 | Vaults:5 | 39713 ||| READING 23 scrolls of teleportation.
 39713 | Vaults:5 | HP: 1/174 [titan/the air (13)]
 39714 | Vaults:5 | 39714 ||| DRINKING 6 potions of heal wounds.
 39714 | Vaults:5 | Slain by a stone giant

Levels and vault maps discovered:
D:1:      scummos_arrival_checkerplants, layout_loops_ring
D:2:      minmay_recursive_quarters, layout_rooms
D:3:      layout_loops_cross, nicolae_ecumenical_lake_church
D:4:      layout_loops_cross, minmay_temple_entry_from_below_a, serial_rivers,
          chequers_serial_rivers_micro_e, chequers_serial_rivers_room_a,
          chequers_serial_rivers_marsh, chequers_serial_rivers_small_3,
          chequers_serial_rivers_large_a, chequers_serial_rivers_micro_a
D:5:      layout_gridville, lemuel_coloured_pillars_altar, minmay_shop_mayhem
D:6:      cheibrodos_thug_alley, layout_loops_ring, serial_bayou_pond_c,
          uniq_menkaure
D:7:      minmay_general_purpose_star, layout_layer_cave, okawaru_gym_becter,
          enter_bailey_8
D:8:      layout_basic, kennysheep_mini, nicolae_uskayaw_en_pointe
D:9:      layout_basic, grunt_temple_overflow_order_and_chaos_2,
          mainiacjoe_overflow_big_doors, uniq_harold
D:10:     layout_big_octagon, minmay_lair_entry_grove, enter_trove_5,
          kennysheep_generic_room_7, uniq_lodul
D:11:     layout_roguey, orc_0_dummy, ebering_ghost_funeral_grove,
          nooodl_orcs_dogs
D:12:     layout_irregular_city, ebering_ghost_gozag
D:13:     dreamdust_black_sun_cult, layout_basic, david_vaults_4,
          portal_ice_cave_entry_imps, chequers_serial_rivers_marsh, uniq_azrael,
          uniq_erolcha
D:14:     layout_basic, roderic_roman_lattice, uniq_josephine
D:15:     gammafunk_enter_depths_forms, layout_loops_corners, special_room
          [special_room_bee], lemuel_tele_altar, st_stairs_13, uniq_nessos
Temple:   eino_temple_lava
Lair:1:   layout_small_grid, grunt_megastairs_2, uniq_grum, uniq_maggie
Lair:2:   layout_regular_city, st_stairs_13, serial_bayou_shore_a, uniq_fannar
Lair:3:   layout_chaotic_city, elwin_shoals_entry_rooms, dummy_spider_entry,
          cheibrodos_lair_reptile_den
Lair:4:   layout_roguey, gammafunk_ghost_cemetery
Lair:5:   cheibrodos_lair_end_hotspot, layout_layer_cave,
          nicolae_slime_entry_slimehenge
Shoals:1: layout_shoals, minmay_shop_enchanted_jewellery,
          nicolae_shoals_lost_giant_amphitheater, nicolae_shoals_undead_eyrie
Shoals:2: layout_shoals
Shoals:3: layout_shoals, kb_tengu_band, uniq_polyphemus
Shoals:4: shoals_end_hellmonk_lost_city
Spider:1: layout_spider_delve, drop_trap, uniq_rupert, uniq_jorgrun
Spider:2: layout_cave_pods
Spider:3: layout_spider_delve, nicolae_spider_swamp_cousins, uniq_asterion
Spider:4: grunt_spider_rune_parallel
Orc:1:    minmay_goldmine, layout_diamond_mine, hellmonk_bongcloud_opening,
          nicolae_specific_store, lemuel_statue_altar, minmay_orc_temple_c,
          uniq_sonja
Orc:2:    st_orc_town, layout_caves, roderic_batcave, mines1_david
Vaults:1: gammafunk_ghost_fury_of_okawaru, v_misc_13,
          nicolae_vaults_little_squares_4, nicolae_vaults_house_1, v_misc_8,
          nicolae_vaults_weapon_check, hangedman_vaults_capsules,
          vaults_room_boxed, nicolae_vaults_yaktaur_gun_rack,
          nicolae_vaults_little_squares_5, hangedman_vaults_snaps,
          nicolae_vaults_shelves_hall, nicolae_vaults_trapezoid_1,
          nicolae_vaults_trapezoid_2, layout_vaults_omnibox, serial_shops, shop,
          uniq_zenata
Vaults:2: nicolae_vaults_shipping_containers_1, minmay_crypt_entry_simple_plaza,
          nicolae_vaults_more_shelving_2, hangedman_vaults_unwind,
          nicolae_vaults_what_the_h, v_pattern_4, vaults_dpeg_ring,
          layout_vaults_quadrants
Vaults:3: nicolae_vaults_door_testing_chamber, nicolae_vaults_double_plus_1,
          nicolae_vaults_triangles, nicolae_vaults_network_quincunx
          [nicolae_vaults_network_quincunx_subvault,
          nicolae_vaults_network_quincunx_subvault,
          nicolae_vaults_network_quincunx_subvault,
          nicolae_vaults_network_quincunx_subvault,
          nicolae_vaults_network_quincunx_subvault],
          nicolae_vaults_circle_grid_a, grunt_vaults_trifunnel,
          vaults_mumra_hexcomb, vaults_room_stairs_pillars, vaults_room_pools,
          layout_vaults_big_room
Vaults:4: nzn_ghost_randoct, ontoclasm_vaults_claustrophobia,
          vaults_room_door_hall, v_misc_26, ontoclasm_vaults_bender,
          nicolae_vaults_shipping_containers_2, nicolae_vaults_tangram_1,
          ontoclasm_vaults_decontamination, nicolae_vaults_specimen_jars,
          ontoclasm_vaults_chip, layout_vaults_maze_snakey, serial_shops, shop,
          uniq_frederick
Vaults:5
Depths:1: layout_gridlike, hangedman_abyss_or_decor_slice,
          nicolae_abyss_entry_one_way_or_another, hell_entry, minmay_st_funbox,
          zin_treasury, minmay_shop_grove
Depths:2: minmay_bloctagon_deflated, layout_honeycomb, enter_ziggurat_f,
          nemelex_xobeh_ov_fountains_minmay, pf_hell_entry_tar_river,
          rand_demon_pan_entry_5, uniq_mara
Depths:3: minmay_concentric_multi, layout_gridlike, abyss_entry, hell_entry,
          grunt_pan_entry_zigzag, xom_teletrap_fun, uniq_xtahua
Depths:4: grunt_zot_entry_gee_three, layout_gridlike, hellmouth_1,
          nicolae_ru_path_of_blood, abyss_entry_flame_altar

Skill      XL: |  1  2  3  4  5  6  7  8  9 10 11 12 13 14 15 16 17 18 19 20 21 22 23 |
---------------+----------------------------------------------------------------------+-----
Axes           | 2 3 4 5 6 7 8 9 10 12 14 15 16 | 16.0
Dodging        | 1 2 3 4 5 6 7 8 |  8.0
Fighting       | 4 5 6 7 8 10 11 12 13 15 16 18 19 20 21 22 24 | 24.5
Armour         | 4 5 6 7 8 9 11 12 14 15 16 19 20 21 22 | 22.0
Throwing       | 2 3 4 6 8 9 10 11 12 13 | 13.0
Invocations    | 2 4 6 9 10 | 10.0
Shields        | 6 9 10 11 12 13 14 15 16 17 18 19 | 19.1

Action                     |  1- 3 |  4- 6 |  7- 9 | 10-12 | 13-15 | 16-18 | 19-21 | 22-24 || total
---------------------------+-------+-------+-------+-------+-------+-------+-------+-------++-------
  Melee: War axe           |    86 |   101 |   241 |   436 |   920 |  1475 |  1496 |   684 ||  5439
         Morningstar       |       |       |       |     7 |    14 |       |       |       ||    21
         Broad axe         |       |       |       |       |       |     3 |       |       ||     3
  Throw: Boomerang         |    11 |    43 |    21 |    32 |    53 |    80 |    28 |     6 ||   274
         Javelin           |       |       |    35 |    12 |   155 |   109 |   118 |    76 ||   505
 Invoke: Heroism           |       |       |     3 |     9 |    19 |    17 |    16 |    17 ||    81
         Finesse           |       |       |       |     1 |     8 |     9 |    11 |     6 ||    35
    Use: Scroll            |     5 |     9 |     8 |     1 |     7 |     6 |     2 |     1 ||    39
         Potion            |     1 |     4 |     1 |     1 |       |     1 |     2 |     4 ||    14
   Stab: Distracted        |       |       |       |     1 |       |       |       |     3 ||     4
         Petrified         |       |       |       |       |       |    11 |       |       ||    11
         Petrifying        |       |       |       |       |       |     1 |       |       ||     1
 Armour: Scale mail        |    28 |       |       |       |       |       |       |       ||    28
         Chain mail        |    15 |    45 |     4 |    41 |   118 |   524 |    60 |       ||   807
         Plate armour      |       |       |    76 |    51 |       |       |   247 |   501 ||   875
  Dodge: Dodged            |    31 |    19 |    65 |    31 |    60 |   176 |   171 |   211 ||   764
  Block: Buckler           |    13 |    46 |   139 |       |       |       |       |       ||   198
         Reflection        |       |     2 |     4 |     4 |    30 |       |       |       ||    40
         Kite shield       |       |       |    52 |   594 |   967 |  1964 |  1636 |   960 ||  6173

Table legend:
 A = Non-vault XP
 B = Vault XP
 C = Vault XP percentage of total XP
 D = Non-vault monster count
 E = Vault monster count
 F = Vault count percentage of total count
                 A         B        C        D         E       F
            +---------+---------+-------+---------+---------+-------
      Total |  511216 |  325233 |  38.9 |    1164 |     622 |  34.8
            +---------+---------+-------+---------+---------+-------
        D:1 |      41 |       0 |   0.0 |      18 |       0 |   0.0
        D:2 |      81 |       9 |  10.0 |      24 |       6 |  20.0
        D:3 |      28 |       0 |   0.0 |       8 |       0 |   0.0
        D:4 |      56 |       0 |   0.0 |       8 |       0 |   0.0
        D:5 |     294 |       0 |   0.0 |      14 |       0 |   0.0
        D:6 |     216 |     283 |  56.7 |       8 |      11 |  57.9
        D:7 |    1055 |     267 |  20.2 |      17 |       3 |  15.0
        D:8 |    1495 |       0 |   0.0 |      26 |       0 |   0.0
        D:9 |    2835 |    2687 |  48.7 |      33 |      11 |  25.0
       D:10 |    1358 |    3061 |  69.3 |      14 |      16 |  53.3
       D:11 |    1706 |    1123 |  39.7 |      12 |      12 |  50.0
       D:12 |    7229 |       0 |   0.0 |      20 |       0 |   0.0
       D:13 |    3933 |    9485 |  70.7 |      11 |      33 |  75.0
       D:14 |    9216 |    1764 |  16.1 |      19 |       5 |  20.8
       D:15 |   16628 |    9015 |  35.2 |      36 |      31 |  46.3
     Lair:1 |     888 |     557 |  38.5 |       3 |       2 |  40.0
     Lair:2 |    9668 |    1260 |  11.5 |      39 |       2 |   4.9
     Lair:3 |    8611 |    1227 |  12.5 |      30 |       9 |  23.1
     Lair:4 |    5844 |       0 |   0.0 |      21 |       0 |   0.0
     Lair:5 |   12144 |    8003 |  39.7 |      32 |      34 |  51.5
   Shoals:1 |    8734 |    1069 |  10.9 |      20 |       6 |  23.1
   Shoals:2 |    6150 |       0 |   0.0 |      13 |       0 |   0.0
   Shoals:3 |   13785 |    6640 |  32.5 |      28 |       8 |  22.2
   Shoals:4 |   22695 |   23297 |  50.7 |      48 |      35 |  42.2
   Spider:1 |    7416 |    3603 |  32.7 |      15 |       2 |  11.8
   Spider:2 |   13223 |       0 |   0.0 |      42 |       0 |   0.0
   Spider:3 |   20857 |    5199 |  20.0 |      50 |      14 |  21.9
   Spider:4 |   19842 |   15856 |  44.4 |      46 |      36 |  43.9
      Orc:1 |    4957 |    4068 |  45.1 |      50 |      48 |  49.0
      Orc:2 |    2928 |    6135 |  67.7 |      33 |      71 |  68.3
   Vaults:1 |   28383 |   14951 |  34.5 |      43 |      18 |  29.5
   Vaults:2 |   26887 |   16279 |  37.7 |      45 |      24 |  34.8
   Vaults:3 |   37860 |   28738 |  43.2 |      56 |      35 |  38.5
   Vaults:4 |   41780 |   31002 |  42.6 |      59 |      37 |  38.5
   Vaults:5 |   25798 |   62663 |  70.8 |      33 |      58 |  63.7
   Depths:1 |   28020 |    1156 |   4.0 |      37 |       1 |   2.6
   Depths:2 |   18415 |   15242 |  45.3 |      20 |      10 |  33.3
   Depths:3 |   50364 |   29099 |  36.6 |      53 |      23 |  30.3
   Depths:4 |   34001 |   21495 |  38.7 |      38 |      21 |  35.6
    Abyss:3 |   15795 |       0 |   0.0 |      42 |       0 |   0.0
            +---------+---------+-------+---------+---------+-------
